 Dungeon Crawl Stone Soup version 0.24.1-14-gf8d2b509d9 (webtiles) character file.

Game seed: 14163412348079841250, levelgen mode: deterministic

20343419 TittyCrusher the Petrodigitator (level 27, 199/199 HPs)
             Began as a Gargoyle Earth Elementalist on May 20, 2023.
             Was the Champion of Vehumet.
             Escaped with the Orb
             ... and 15 runes on May 22, 2023!
             The game lasted 07:34:26 (76004 turns).

TittyCrusher the Petrodigitator (GrEE)             Turns: 76004, Time: 07:34:27

Health: 199/199    AC: 51    Str: 17    XL:     27
Magic:  63/63      EV: 24    Int: 48    God:    Vehumet [******]
Gold:   1746       SH: 21    Dex: 10    Spells: 8/80 levels left

rFire    + + .     SeeInvis +   a - +3 Elemental Staff {rElec rF++ rC++ MR++ AC+5}
rCold    + + +     Gourm    .   h - +5 shield {AC+3}
rNeg     + . .     Faith    .   c - +3 robe of Folly {Archmagi, MR-- Int+5}
rPois    ∞         Spirit   .   y - +2 helmet "Idadynis" {Int+4}
rElec    +         Reflect  .   H - +1 cloak of Starlight {rElec rC+ EV+4 Stlth--}
rCorr    .         Harm     +   Q - +0 pair of gloves of Mumblety Peg {rPois Int+5}
MR       ++...                  k - +2 pair of boots {run}
Stlth    ..........             T - amulet of Veechel {Harm *Drain MP+9 SInv}
HPRegen  0.43/turn              p - ring of Uceetha {Int+6 Dex+2}
MPRegen  0.38/turn              S - ring of Ewny {Wiz Int+4}

@: flying, studying 2 skills, quick
A: big wings, iridescent scales 1, molten scales 1, clumsy 1, negative energy
resistance 1, sense surroundings 1, electricity resistance, wild magic 1,
unbreathing, petrification resistance, rot immunity, AC +20
0: Orb of Zot
}: 15/15 runes: decaying, slimy, silver, golden, iron, obsidian, icy, bone,
abyssal, demonic, glowing, magical, fiery, dark, gossamer
a: Stop Flying, Renounce Religion


You escaped.
You worshipped Vehumet.
Vehumet was exalted by your worship.
You were not hungry.

You visited 17 branches of the dungeon, and saw 89 of its levels.
You visited Pandemonium 3 times, and saw 15 of its levels.
You visited the Abyss 5 times.
You completed 2 ziggurats, and saw 54 of their levels.

You collected 9254 gold pieces.
You spent 7508 gold pieces at shops.

Inventory:

Hand Weapons
 a - the +3 Elemental Staff (weapon) {rElec rF++ rC++ MR++ AC+5}
   (You bought it in a shop on level 13 of the Dungeon)

   It affects your AC (+5).
   It greatly protects you from fire.
   It greatly protects you from cold.
   It insulates you from electricity.
   It affects your resistance to hostile enchantments.
 s - the +0 staff of Battle
   (You found it on level 4 of a ziggurat)
 z - the +8 storm bow {elec, penet}
   (You found it on level 24 of a ziggurat)

   It charges the ammunition it shoots with electricity; occasionally upon a
   hit, such missiles may discharge and cause terrible harm.
   Ammo fired by it will pass through the targets it hits, potentially hitting
   all targets in its path until it reaches maximum range.
 U - the +4 staff of Dispater
   (You took it off Dispater on level 7 of the Iron City of Dis)
Missiles
 W - 32 stones (quivered)
Armour
 c - the +3 robe of Folly (worn) {Archmagi, MR-- Int+5}
   (You found it on level 24 of a ziggurat)

   It affects your intelligence (+5).
   It affects your resistance to hostile enchantments.
 h - a +5 shield of protection (worn)
 k - a +2 pair of boots of running (worn)
 y - the +2 helmet "Idadynis" (worn) {Int+4}
   (You found it on level 27 of a ziggurat)

   It affects your intelligence (+4).
 H - the +1 cloak of Starlight (worn) {rElec rC+ EV+4 Stlth--}
   (You found it on level 16 of a ziggurat)

   It affects your evasion (+4).
   It protects you from cold.
   It insulates you from electricity.
   It makes you much less stealthy.
 Q - the +0 pair of gloves of Mumblety Peg (worn) {rPois Int+5}
   (You found it on level 1 of the Swamp)

   It affects your intelligence (+5).
   It protects you from poison.
Magical Staves
 b - an uncursed staff of energy
 f - an uncursed staff of conjuration
 N - an uncursed staff of earth
Jewellery
 g - the ring "Beutanogo" {+Blink rC- MR+ Int+2 Dex+4}
   (You found it on level 3 of the Crypt)

   [ring of dexterity]

   It affects your intelligence (+2).
   It affects your dexterity (+4).
   It makes you vulnerable to cold.
   It affects your resistance to hostile enchantments.
   It lets you blink.
 l - the amulet of the Four Winds {rN+ MR+++ Clar}
   (You found it on level 24 of a ziggurat)

   [amulet of nothing]

   It protects you from negative energy.
   It affects your resistance to hostile enchantments.
   It protects you against confusion.
 p - the ring of Uceetha (left hand) {Int+6 Dex+2}
   (You found it on level 9 of a ziggurat)

   [ring of dexterity]

   It affects your intelligence (+6).
   It affects your dexterity (+2).
 L - the ring of Juqeh {rF+ MR+ Str+2 Int+2 Slay+3}
   (You found it on level 8 of a ziggurat)

   [ring of slaying]

   It affects your strength (+2).
   It affects your intelligence (+2).
   It affects your accuracy and damage with ranged weapons and melee attacks
   (+3).
   It protects you from fire.
   It affects your resistance to hostile enchantments.
 S - the ring of Ewny (right hand) {Wiz Int+4}
   (You found it on level 4 of a ziggurat)

   [ring of wizardry]

   It improves your spell success rate.
   It affects your intelligence (+4).
 T - the amulet of Veechel (around neck) {Harm *Drain MP+9 SInv}
   (You found it on level 20 of a ziggurat)

   [amulet of harm]

   It increases damage dealt and taken.
   It affects your magic capacity (+9).
   It lets you see invisible.
   It causes draining when unequipped.
Wands
 w - a wand of enslavement (12)
 x - a wand of digging (27)
 O - a wand of acid (62)
 V - a wand of scattershot (10)
Scrolls
 e - 69 scrolls of remove curse
 j - 3 scrolls of holy word
 m - 60 scrolls of teleportation
 A - 46 scrolls of fog
 E - 12 scrolls of vulnerability
 F - 17 scrolls of blinking
 R - 2 scrolls of fear
 Y - 18 scrolls of immolation
 Z - a scroll of magic mapping
Potions
 i - 12 potions of heal wounds
 u - 8 potions of cancellation
 v - 5 potions of brilliance
 B - 23 potions of curing
 C - 17 potions of haste
 D - 4 potions of agility
 G - 8 potions of invisibility
 J - 3 potions of ambrosia
 K - 3 potions of might
 M - 4 potions of magic
 P - 35 potions of mutation
 X - 3 potions of resistance
Books
 q - a manual of Hexes
 r - a manual of Bows
Miscellaneous
 n - 2 +2 figurines of a ziggurat
 o - a fan of gales
 t - a lightning rod (4/4)
 I - a lamp of fire
Comestibles
 d - 47 rations


   Skills:
 O Level 27 Fighting
 - Level 17.7 Staves
 - Level 2.2 Bows
 - Level 16.5 Armour
 - Level 17.2 Dodging
 - Level 2.1 Stealth
 - Level 21.5 Shields
 O Level 27 Spellcasting
 O Level 27 Conjurations
 - Level 9.9 Hexes
 - Level 14.3 Necromancy
 - Level 15.7 Translocations
 - Level 14.6 Transmutations
 O Level 27 Fire Magic
 + Level 19.4 Ice Magic
 O Level 27 Air Magic
 O Level 27 Earth Magic
 - Level 16.0 Evocations


You had 8 spell levels left.
You knew the following spells:

 Your Spells              Type           Power        Failure   Level  Hunger
a - Glaciate              Conj/Ice       #########.   1%          9    None
b - Controlled Blink      Tloc           N/A          1%          8    None
c - Apportation           Tloc           ######       1%          1    None
d - Necromutation         Tmut/Necr      #########.   2%          8    None
e - Lehudib's Crystal Sp  Conj/Erth      #########.   1%          8    None
f - Invisibility          Hex            ########     1%          6    None
g - Shatter               Erth           #########.   1%          9    None
h - Regeneration          Chrm/Necr      ########..   1%          3    None
i - Blink                 Tloc           N/A          1%          2    None
j - Fire Storm            Conj/Fire      #########.   1%          9    None
k - Tornado               Air            #########.   1%          9    None

Your spell library contained the following spells:

 Spells                   Type           Power        Failure   Level  Hunger
 Chain Lightning          Conj/Air       #########.   1%          8    None
 Animate Skeleton         Necr           N/A          1%          1    None
 Beastly Appendage        Tmut           ######       1%          1    None
 Confusing Touch          Hex            ######       1%          1    None
 Corona                   Hex            #######      1%          1    None
 Flame Tongue             Conj/Fire      #####        1%          1    None
 Freeze                   Ice            ####         1%          1    None
 Infusion                 Chrm           ####         1%          1    None
 Magic Dart               Conj           ####         1%          1    None
 Sandblast                Erth           ######       1%          1    None
 Shock                    Conj/Air       ####         1%          1    None
 Sting                    Conj/Pois      ####         1%          1    None
 Summon Butterflies       Summ           #######.     1%          1    None
 Summon Small Mammal      Summ           ####         1%          1    None
 Call Imp                 Summ           #######.     1%          2    None
 Corpse Rot               Necr           N/A          1%          2    None
 Ensorcelled Hibernation  Hex/Ice        ######       1%          2    None
 Passwall                 Tmut/Erth      ########     1%          2    None
 Poisonous Vapours        Pois/Air       ######       1%          2    None
 Searing Ray              Conj           ######       1%          2    None
 Shroud of Golubria       Chrm/Tloc      ######       1%          2    None
 Slow                     Hex            ########     1%          2    None
 Song of Slaying          Chrm           #######.     1%          2    None
 Sticks to Snakes         Tmut           ########     1%          2    None
 Swiftness                Chrm/Air       ########     1%          2    None
 Throw Flame              Conj/Fire      ######       1%          2    None
 Throw Frost              Conj/Ice       ######       1%          2    None
 Call Canine Familiar     Summ           #######.     1%          3    None
 Confuse                  Hex            ########     1%          3    None
 Conjure Flame            Conj/Fire      ########     1%          3    None
 Dazzling Spray           Conj/Hex       ######       1%          3    None
 Gell's Gravitas          Tloc           #########.   1%          3    None
 Ignite Poison            Fire/Tmut/Pois ########     1%          3    None
 Inner Flame              Hex/Fire       ########     1%          3    None
 Lesser Beckoning         Tloc           #########.   1%          3    None
 Mephitic Cloud           Conj/Pois/Air  ########     1%          3    None
 Ozocubu's Armour         Chrm/Ice       ########     1%          3    None
 Portal Projectile        Hex/Tloc       ######       1%          3    None
 Recall                   Summ/Tloc      N/A          1%          3    None
 Spectral Weapon          Hex/Chrm       ########     1%          3    None
 Spider Form              Tmut/Pois      ########..   1%          3    None
 Static Discharge         Conj/Air       ########     1%          3    None
 Stone Arrow              Conj/Erth      ######       1%          3    None
 Summon Guardian Golem    Hex/Summ       ########     1%          3    None
 Teleport Other           Tloc           ########     1%          3    None
 Tukima's Dance           Hex            ########     1%          3    None
 Airstrike                Air            #########.   1%          4    None
 Animate Dead             Necr           N/A          1%          4    None
 Cause Fear               Hex            ########..   1%          4    None
 Force Lance              Conj/Tloc      ########     1%          4    None
 Fulminant Prism          Conj/Hex       #########.   1%          4    None
 Ice Form                 Ice/Tmut       ########     1%          4    None
 Iskenderun's Mystic Bla  Conj           ########     1%          4    None
 Leda's Liquefaction      Hex/Erth       #########.   1%          4    None
 Olgreb's Toxic Radiance  Pois           #######.     1%          4    None
 Petrify                  Tmut/Erth      ########     1%          4    None
 Sticky Flame             Conj/Fire      ########     1%          4    None
 Summon Ice Beast         Ice/Summ       ########     1%          4    None
 Summon Lightning Spire   Summ/Air       ########     1%          4    None
 Throw Icicle             Conj/Ice       ########     1%          4    None
 Agony                    Necr           ########     1%          5    None
 Alistair's Intoxication  Tmut/Pois      ########     1%          5    None
 Blade Hands              Tmut           #########.   1%          5    None
 Bolt of Draining         Conj/Necr      #########.   1%          5    None
 Bolt of Magma            Conj/Fire/Erth #########.   1%          5    None
 Borgnjor's Vile Clutch   Necr/Erth      #########.   1%          5    None
 Dispel Undead            Necr           ########     1%          5    None
 Excruciating Wounds      Chrm/Necr      ########..   1%          5    None
 Fireball                 Conj/Fire      #########.   1%          5    None
 Irradiate                Conj/Tmut      #########.   1%          5    None
 Iskenderun's Battlesphe  Conj/Chrm      ########     1%          5    None
 Lee's Rapid Deconstruct  Erth           #########.   1%          5    None
 Lightning Bolt           Conj/Air       #########.   1%          5    None
 Metabolic Englaciation   Hex/Ice        #########.   1%          5    None
 Silence                  Hex/Air        #########.   1%          5    None
 Summon Forest            Summ/Tloc      ########..   1%          5    None
 Summon Mana Viper        Hex/Summ       ########     1%          5    None
 Venom Bolt               Conj/Pois      #########.   1%          5    None
 Yara's Violent Unravell  Hex/Tmut       #########.   1%          5    None
 Bolt of Cold             Conj/Ice       #########.   1%          6    None
 Bolt of Fire             Conj/Fire      #########.   1%          6    None
 Conjure Ball Lightning   Conj/Air       #########.   1%          6    None
 Darkness                 Hex            ########..   1%          6    None
 Death Channel            Necr           #########.   1%          6    None
 Deflect Missiles         Chrm/Air       #########.   1%          6    None
 Dispersal                Tloc           #########.   1%          6    None
 Freezing Cloud           Conj/Ice/Air   #########.   1%          6    None
 Hydra Form               Tmut           #########.   1%          6    None
 Iron Shot                Conj/Erth      #########.   1%          6    None
 Ozocubu's Refrigeration  Ice            #########.   1%          6    None
 Poison Arrow             Conj/Pois      #########.   1%          6    None
 Simulacrum               Ice/Necr       #########.   1%          6    None
 Dragon Form              Tmut           #########.   1%          7    None
 Orb of Destruction       Conj           #########.   1%          7    None
 Ring of Flames           Chrm/Fire      #########.   1%          7    None
 Spellforged Servitor     Conj/Summ      #########.   1%          7    None
 Disjunction              Tloc           #########.   1%          8    None
 Ignition                 Fire           #########.   1%          8    None
 Borgnjor's Revivificati  Necr           #########.   2%          8    None
 Infestation              Necr           #########.   2%          8    None
 Malign Gateway           Summ/Tloc      ########..   4%          7    None
 Haunt                    Necr/Summ      ########..   5%          7    None
 Discord                  Hex            ########..   12%         8    None
 Shadow Creatures         Summ           N/A          14%         6    None
 Death's Door             Chrm/Necr      ########..   32%         8    None
 Monstrous Menagerie      Summ           #######...   56%         7    None
 Summon Greater Demon     Summ           #######...   56%         7    None
 Summon Hydra             Summ           #######...   56%         7    None
 Summon Horrible Things   Summ           #######...   99%         8    None
 Dragon's Call            Summ           #######...   100%        9    None
 Sublimation of Blood     Necr           Unusable     N/A         2    N/A
 Passage of Golubria      Tloc           Unusable     N/A         4    N/A
 Statue Form              Tmut/Erth      Unusable     N/A         6    N/A

Dungeon Overview and Level Annotations

Branches:
Dungeon (15/15)            Temple (0/1) D:5            Lair (6/6) D:8
  Swamp (4/4) Lair:3       Spider (4/4) Lair:2        Slime (5/5) Lair:6
    Orc (2/2) D:10            Elf (3/3) Orc:2        Vaults (5/5) D:13
  Crypt (3/3) Vaults:3       Tomb (3/3) Crypt:3      Depths (5/5) D:15
   Hell (visited)             Dis (7/7) Hell            Geh (7/7) Hell
    Coc (7/7) Hell            Tar (7/7) Hell            Zot (5/5) Depths:5

Altars:
Dithmenos
Elyvilon
Fedhas
Hepliaklqana
Kikubaaqudgha
Makhleb
Nemelex Xobeh
Okawaru
Qazlal
Ru
Sif Muna
Trog
Vehumet
Wu Jian
Yredelemnul
Zin
The Shining One
Beogh

Shops:
D:6 *!   D:8 %   D:10 (   D:13 (   Orc:2 ?[!:?   Elf:1 **:%%   Vaults:4 *
Depths:4 %![*}

Portals:
Hell: Depths:1 Depths:2
Abyss: Depths:1 Depths:4
Pandemonium: Depths:1 Depths:2
Trove: Vaults:1 (give 7 potions of agility)

Annotations:
D:7 2 transporters
D:14 exclusion: downstairs


Innate Abilities, Weirdness & Mutations

You are resistant to torment.
Your stone body is resilient. (AC +20)
You are immune to poison.
Your large and strong wings let you fly indefinitely.
You resist negative energy. (rN+)
You are resistant to electric shocks. (rElec)
You can survive without breathing.
You are immune to petrification.
You are immune to rotting.
You are partially covered in iridescent scales. (AC +2)
You are partially covered in molten scales. (AC +2)
You are clumsy. (Dex -2)
You passively map a small area around you.
Your spells are a little harder to cast, but a little more powerful.


Message History

HP restored.
A hell beast comes into view.
The hell beast bleats!
Casting: Fire Storm (safe; 1% risk of failure)
Confirm with . or Enter, or press ? or * to list all spells.
Aiming: Glaciate (safe; 1% risk of failure)
Press: ? - help, Shift-Dir - straight line, f - hell beast
Aim: a hell beast You feel a surge of power!
You conjure a mighty blast of ice!
The great icy blast engulfs the hell beast!!!
The hell beast is frozen into a solid block of ice!
You kill the hell beast!
Vehumet accepts your kill.
You feel your power returning.
You hear an angry hiss.
Unknown command.
Unknown command.
Magic restored.
There is a staircase leading out of the dungeon here.
You have escaped!

...# #.# #### #.#
######### #.#
........# #.#
#######.# #.# #.#
#.# ### ###
♣♣♣♣♣♣♣♣♣♣♣♣♣♣♣♣♣♣
♣...♣♣.♣♣...♣♣..@♣
..♣...♣..♣♣.♣♣♣..♣
.♣.....♣.♣..♣..♣.♣
.♣♣.♣♣..♣♣.♣♣♣♣..♣
.♣♣..♣..♣.♣...♣♣.♣
♣..♣...♣♣.♣♣♣.♣.♣♣
♣...♣..♣.♣.♣♣♣.♣♣♣
......♣♣.♣♣..♣♣♣.♣
..♣♣..♣.♣♣.♣...♣.♣


There were no monsters in sight!

Vanquished Creatures
  Cerebov (Pan)
  Asmodeus (Geh:7)
  Antaeus (Coc:7)
  the Royal Jelly (Slime:5)
  Ereshkigal (Tar:7)
  the Serpent of Hell (Dis:7)
  Lom Lobon (Pan)
  Dispater (Dis:7)
  14 orbs of fire
  Mara (Crypt:1)
  2 juggernauts (Zig:8)
  10 ancient liches
  44 greater mummies
  Sojobo (Depths:1)
  Bai Suzhen (Swamp:3)
  27 Killer Klowns
  10 shard shrikes
  Frederick (Crypt:3)
  2 curse toes
  52 pandemonium lords
  19 caustic shrikes
  Saint Roka (Crypt:1)
  The ghost of Kaes the Slayer, an adept MiFi of Okawaru (Vaults:3)
  The ghost of Ewetirimn the Executioner, an adept MiBe of Trog (Elf:2)
  Geryon (Hell)
  A profane servitor (Zig:19)
  Nikola (Swamp:1)
  Jory (Crypt:3)
  9 golden dragons
  13 bone dragons
  14 pearl dragons
  21 liches
  14 Tzitzimimeh
  Arachne (Spider:3)
  3 doom hounds
  An electric golem (Zot:5)
  20 Brimstone Fiends
  19 tentacled monstrosities
  8 iron giants
  Jorgrun (Spider:2)
  18 Hell Sentinels
  26 Orb Guardians
  Asterion (Spider:3)
  7 hellephants
  10 Ice Fiends
  A quicksilver dragon (shapeshifter) (Zig:27)
  13 deep elf blademasters
  16 titans
  9 quicksilver dragons
  22 Executioners
  18 ancient champions
  Agnes (D:14)
  4 death cobs (Zot:5)
  12 deep elf master archers
  Frances (D:14)
  4 sphinxes (shapeshifter) (Zig:25)
  An eldritch tentacle (Tar:1)
  18 tentacled starspawn
  29 acid blobs
  8 sphinxes
  3 thorn hunters
  The ghost of Adoajy the Bludgeoner, an adept DsWr of Ru (Vaults:3)
  5 shadow dragons
  6 storm dragons
  3 shadow dragons (shapeshifter)
  19 azure jellies
  19 fire giants
  19 tengu reavers
  Kirke (Swamp:3)
  13 revenants
  4 azure jellies (shapeshifter)
  14 nagarajas
  Donald (Swamp:2)
  15 draconian knights
  14 deep elf sorcerers
  14 daevas
  17 draconian monks
  12 cacodemons
  A fire giant (shapeshifter) (Zig:27)
  6 orc warlords
  45 ghost moths
  6 warmongers
  An iron dragon (shapeshifter) (Zig:17)
  5 caustic shrike zombies
  8 frost giants
  29 vault wardens
  3 frost giants (shapeshifter)
  5 juggernaut zombies
  3 ghost moths (shapeshifter)
  Louise (Spider:2)
  8 black suns
  18 draconian scorchers
  58 balrugs
  15 iron dragons
  An emperor scorpion (shapeshifter) (Zig:25)
  10 deep elf elementalists
  52 reapers
  34 emperor scorpions
  19 draconian stormcallers
  9 draconian shifters
  24 ironheart preservers
  24 stone giants
  6 curse skulls
  15 angels
  27 draconian annihilators
  3 juggernaut skeletons
  10 ghouls
  4 elemental wellsprings
  32 entropy weavers
  13 war gargoyles
  2 grey draconians (Depths:5)
  13 vampire knights
  17 blood saints
  11 ophanim
  13 apis
  Azrael (Spider:3)
  6 black draconians
  14 bennus
  31 very ugly things
  11 corrupters
  4 caustic shrike skeletons (Zig:24)
  12 yellow draconians
  9 red draconians
  10 lorocyprocas
  20 deep elf demonologists
  15 green draconians
  A spectral titan (Zig:16)
  4 dire elephants (shapeshifter)
  15 spark wasps
  8 white draconians
  A minotaur (Zig:27)
  11 purple draconians
  10 dire elephants
  21 blizzard demons
  5 merfolk impalers
  28 deep elf annihilators
  14 deep elf death magi
  12 eidola
  11 merfolk javelineers
  8 death oozes
  6 quicksilver dragon zombies
  19 green deaths
  9 crystal guardians
  12 jiangshi
  13 ettins
  A spectral golden dragon (Zig:16)
  13 great orbs of eyes
  21 fire dragons
  Josephine (D:15)
  29 mummy priests
  49 hydras
  8 rakshasas
  17 ice dragons
  4 hell beasts
  14 deep elf high priests
  5 monstrous demonspawn
  3 quicksilver dragon skeletons
  A caustic shrike simulacrum (Zig:22)
  3 spriggan air magi (Zig:27)
  23 yaktaur captains
  31 vault guards
  5 shambling mangroves
  8 ghost crabs
  An anaconda (shapeshifter) (Zig:27)
  A merfolk avatar (Lair:6)
  2 anacondas
  19 centaur warriors
  24 ogre magi
  An alligator (shapeshifter) (Depths:5)
  6 catoblepae
  6 deep troll shamans
  16 merfolk aquamancers
  9 death knights
  12 alligators
  6 alligator snapping turtles
  A death yak (Zig:12)
  33 dancing weapons
  A satyr (Zig:18)
  A spriggan berserker (Depths:3)
  61 two-headed ogres
  4 tengu warriors
  7 vampire magi
  17 death scarabs
  47 hell hogs
  2 death yaks (shapeshifter)
  20 iron golems
  10 deep troll earth magi
  13 thrashing horrors
  2 shock serpents (shapeshifter)
  14 titan zombies
  Sonja (Lair:3)
  8 storm dragon zombies
  3 orc high priests
  42 sun demons
  30 wretched stars
  17 deep elf knights
  A shock serpent (Zig:14)
  73 hell knights
  62 skeletal warriors
  15 fire crabs
  29 soul eaters
  9 titan skeletons
  5 spatial maelstroms
  21 shadow wraiths
  16 sixfirhies
  A ghost moth zombie (Dis:5)
  2 iron trolls (shapeshifter)
  25 flayed ghosts
  5 anaconda zombies
  15 shadow demons
  9 sea snakes
  13 unseen horrors
  11 cherubim
  3 death drakes (shapeshifter)
  5 storm dragon skeletons
  5 salamander mystics
  17 iron trolls
  A spectral iron dragon (Zig:16)
  5 gelid demonspawn
  4 torturous demonspawn (Pan)
  27 deep trolls
  9 spriggan druids
  14 wizards
  A sea snake (shapeshifter) (Zig:19)
  2 golden dragon zombies (Zig:24)
  37 starcursed masses
  An unseen horror (shapeshifter) (Zig:25)
  2 deep trolls (shapeshifter) (Zig:27)
  3 orange crystal statues (Zig:4)
  2 spectral hydras (Swamp:4)
  23 deep elf archers
  2 glowing orange brains (shapeshifter)
  6 golden dragon skeletons
  8 glowing orange brains
  An infernal demonspawn (Pan)
  8 shadow dragon zombies
  5 obsidian statues
  22 ironbrand convokers
  60 orb spiders
  8 swamp dragons
  3 tengu zombies
  6 wolf spider zombies
  4 oklob plants
  A sphinx zombie (Hell)
  16 necromancers
  36 orc knights
  8 anaconda skeletons
  2 harpies (shapeshifter)
  5 stone giant zombies
  19 harpies
  5 iron dragon zombies
  29 phantasmal warriors
  6 fire giant zombies
  A faun (shapeshifter) (Zig:27)
  7 orc sorcerers
  94 deep elf magi
  2 shining eyes (shapeshifter)
  A salamander (shapeshifter) (Zig:25)
  2 mana vipers (shapeshifter)
  5 shadow dragon skeletons
  60 ugly things
  3 salamanders (Geh:7)
  57 wolf spiders
  15 cyclopes
  A wolf spider (shapeshifter) (Zig:19)
  6 frost giant zombies
  6 shining eyes
  A sphinx skeleton (Zig:24)
  7 tengu skeletons
  2 moths of wrath (shapeshifter)
  5 water nymphs
  A cyclops (shapeshifter) (Zig:27)
  8 manticores
  20 moths of wrath
  4 stone giant skeletons
  2 dire elephant zombies
  4 iron dragon skeletons
  2 worldbinders
  5 merfolk sirens (Zig:18)
  15 vault sentinels
  11 molten gargoyles (Geh:7)
  A water nymph (shapeshifter) (Zig:11)
  10 naga magi
  4 centaur skeletons
  4 shock serpent zombies
  9 spriggan zombies
  7 guardian serpents
  27 rust devils
  25 smoke demons
  A black mamba (shapeshifter) (Depths:2)
  5 centaur zombies
  21 torpor snails
  7 elephants
  11 black mambas
  A titan simulacrum (Coc:7)
  3 eyes of devastation
  10 orange demons
  5 frost giant skeletons
  A grey draconian zombie (Crypt:3)
  An eye of devastation (shapeshifter) (Vaults:1)
  2 guardian serpents (shapeshifter)
  20 apocalypse crabs
  35 spiny frogs
  8 gargoyles
  A yaktaur zombie (Hell)
  An emperor scorpion zombie (Geh:7)
  28 efreet
  37 hellions
  A rime drake (shapeshifter) (Zig:25)
  3 human zombies
  A kobold demonologist (D:13)
  2 spriggan skeletons
  8 rime drakes
  30 tormentors
  12 hellwings
  6 dire elephant skeletons
  A komodo dragon (shapeshifter) (Vaults:5)
  A yaktaur (shapeshifter) (Zig:27)
  A purple draconian skeleton (Crypt:3)
  12 komodo dragons
  54 yaktaurs
  38 demonic crawlers
  22 ice devils
  23 ancient zymes
  24 freezing wraiths
  4 swamp worm zombies (Swamp:4)
  2 anaconda simulacra (Coc:7)
  A green draconian skeleton (Crypt:3)
  41 red devils
  7 tyrant leeches
  12 elf skeletons
  60 guardian mummies
  A meliai (shapeshifter) (Zig:26)
  11 hydra zombies
  A death yak skeleton (Crypt:3)
  32 merfolk
  9 trolls
  5 meliai
  2 tengu conjurers (D:15)
  A polar bear (shapeshifter) (Abyss:1)
  3 harpy zombies
  A queen ant zombie (Crypt:3)
  An iron troll skeleton (Crypt:2)
  14 polar bears
  A troll (shapeshifter) (Zig:22)
  6 wind drakes
  2 queen bees
  62 jumping spiders
  A hornet (shapeshifter) (Zig:25)
  Grinder (D:3)
  13 raiju
  A harpy skeleton (Geh:7)
  37 hornets
  150 slime creatures
  3 slime creatures (shapeshifter)
  A wind drake (shapeshifter) (Zig:22)
  3 fire dragon zombies
  22 blink frogs
  An ice dragon zombie (Coc:7)
  16 bog bodies
  A shadow dragon simulacrum (Zig:25)
  An iron dragon simulacrum (Zig:22)
  A blink frog (shapeshifter) (Zig:17)
  3 snapping turtles
  3 snapping turtles (shapeshifter)
  4 spectral swamp dragons (Swamp:4)
  7 hydra skeletons
  5 dream sheep (Zig:23)
  A deep troll zombie (Hell)
  6 alligator zombies
  5 ettin zombies
  12 hippogriffs
  A fire dragon skeleton (Geh:6)
  108 flying skulls
  A redback (shapeshifter) (D:15)
  3 ettin skeletons
  A frost giant simulacrum (Zig:9)
  7 spriggans
  2 alligator skeletons
  7 vampires
  18 ynoxinuls
  4 ice dragon skeletons
  41 ushabtiu
  51 tarantellas
  14 water elementals
  5 fire bats
  23 shadows
  47 fire elementals
  A hog (shapeshifter) (Zig:19)
  105 redbacks
  35 yaks
  47 wraiths
  9 wyverns
  A yak (shapeshifter) (Zig:17)
  12 elf zombies
  3 humans (Depths:4)
  20 golden eyes
  3 hungry ghosts
  A basilisk (Zig:12)
  A hog (Swamp:3)
  A human (shapeshifter) (Zig:19)
  13 vampire mosquitoes
  16 chaos spawn
  17 neqoxecs
  A human simulacrum (Vaults:1)
  11 wargs
  A soldier ant (D:14)
  20 swamp worms
  18 insubstantial wisps
  A soldier ant (shapeshifter) (D:14)
  A swamp worm (shapeshifter) (Zig:27)
  A monstrous demonspawn zombie (Crypt:1)
  A naga (Zig:1)
  A merfolk zombie (Geh:4)
  50 large abominations
  3 hydra simulacra
  6 acid dragons
  26 water moccasins
  84 hell hounds
  4 spiny frog zombies
  8 porcupines
  3 spiny frog skeletons
  A deep troll skeleton (Crypt:1)
  5 swamp drakes
  A merfolk skeleton (Geh:7)
  12 black bears
  A two-headed ogre skeleton (Crypt:1)
  63 orc warriors
  13 ice beasts
  3 snapping turtle zombies
  5 swamp dragon zombies
  4 sky beasts
  61 ogres
  A tengu (shapeshifter) (Vaults:2)
  15 phantoms
  3 boggarts
  27 necrophages
  4 slaves (Depths:4)
  20 small abominations
  19 wolves
  49 centaurs
  12 eyes of draining
  A hog zombie (Crypt:3)
  25 crocodiles
  3 snapping turtle skeletons
  3 big kobolds
  A salamander zombie (Crypt:1)
  8 earth elementals
  16 bullfrogs
  Blork the orc (D:5)
  A wyvern zombie (D:11)
  A spiny frog simulacrum (Coc:3)
  2 gnoll sergeants (D:9)
  An elf simulacrum (Vaults:1)
  A wyvern skeleton (D:12)
  5 scorpions
  52 wights
  27 killer bees
  A wolf zombie (Crypt:2)
  8 electric eels
  16 crimson imps
  2 bullfrog zombies
  11 hounds
  17 iron imps
  2 bullfrog skeletons
  20 jellies
  20 orc priests
  39 orc wizards
  A gnoll shaman (D:9)
  A demonspawn skeleton (Crypt:2)
  5 iguanas
  Terence (D:2)
  A basilisk skeleton (Crypt:2)
  13 worker ants
  A big kobold zombie (Crypt:2)
  A sky beast zombie (Crypt:3)
  An ogre zombie (Geh:3)
  2 spectral hounds
  A dwarf skeleton (Crypt:3)
  2 hound zombies
  A naga skeleton (Tar:7)
  94 mummies
  A hound skeleton (D:4)
  3 worker ant zombies
  10 adders
  10 gnolls
  2 howler monkey skeletons
  2 swamp drake zombies
  11 shadow imps
  6 white imps
  3 ufetubi
  3 oozes
  An adder zombie (D:7)
  3 adder skeletons
  2 worms
  2 ball lightnings (Pan)
  4 dart slugs
  5 leopard geckos
  105 orcs
  A bat skeleton (Crypt:2)
  4 giant cockroaches
  8 goblins
  15 hobgoblins
  10 jackals
  29 kobolds
  3 quokkas
  A ball python (D:6)
  A ball python zombie (Crypt:3)
  4 bats
  7 frilled lizards
  A goblin zombie (Crypt:2)
  A jackal skeleton (Crypt:3)
  A kobold skeleton (Geh:5)
  3 kobold zombies
  A leopard gecko skeleton (D:5)
  A leopard gecko zombie (D:5)
  A quokka zombie (D:2)
  15 rats
  A spectral orc (D:7)
  48 blocks of ice
  9 bushes (Depths:4)
  3 crawling corpses
  364 fire vortices
  13 fungi
  22 plants
  7 starspawn tentacles
6801 creatures vanquished.

Vanquished Creatures (collateral kills)
  A Killer Klown (Zig:27)
  A caustic shrike (Zig:12)
  A shadow dragon (Zig:16)
  A revenant (Zig:16)
  An azure jelly (Slime:5)
  A draconian knight (Zig:6)
  A draconian scorcher (Zig:22)
  A caustic shrike zombie (Zig:24)
  2 cacodemons
  The ghost of elongatedgoose the Severer, a journeyman MiFi of Trog (Lair:6)
  A very ugly thing (Zig:22)
  2 draconian annihilators (Zig:22)
  A green draconian (Zig:22)
  A black draconian (Zig:22)
  An ophan (Zig:11)
  A spark wasp (Zig:20)
  A quicksilver dragon skeleton (Zig:24)
  A titan zombie (Zig:24)
  A storm dragon zombie (Zig:24)
  A shadow wraith (Zig:13)
  A flayed ghost (Zig:24)
  A shadow dragon zombie (Zig:17)
  3 slime creatures
  2 sphinx skeletons
  2 water nymphs (shapeshifter)
  A water nymph (Zig:18)
  A black mamba (Zig:26)
  A naga mage (Zig:26)
  A jumping spider (Zig:26)
  A fire dragon skeleton (Coc:7)
  2 redbacks
  A water elemental (Zig:26)
  A large abomination (Abyss:5)
  A golden eye (Slime:1)
  A floating eye (shapeshifter) (Zig:17)
  A small abomination (Zig:19)
  A wight (Zig:24)
  3 starcursed masses (Zig:19)
  A white imp (Coc:7)
  A kobold (Depths:4)
  A crawling corpse (Zig:26)
50 creatures vanquished.

Vanquished Creatures (others)
  An eldritch tentacle (Geh:7)
  An ice dragon (Coc:7)
  A vampire mage (Depths:3)
  An alligator (Swamp:4)
  A storm dragon skeleton (Geh:7)
  A ghost moth zombie (Geh:7)
  A torpor snail (Spider:3)
  A smoke demon (Geh:5)
  A flying skull (Geh:5)
  2 shadows
  A redback (Spider:3)
  An ice dragon skeleton (Geh:7)
  A human (Swamp:3)
  A killer bee (D:11)
  An orc (Depths:4)
  117 blocks of ice
  47 bushes (Depths:4)
  949 fire vortices
  6 fungi
  20 plants
  19 starspawn tentacles
1174 creatures vanquished.

Grand Total: 8025 creatures vanquished

Notes
Turn   | Place    | Note
-------+----------+-------------------------------------------
     0 | D:1      | TittyCrusher the Gargoyle Earth Elementalist began the
                  | quest for the Orb.
     0 | D:1      | Reached XP level 1. HP: 10/10 MP: 3/3
   159 | D:1      | Reached XP level 2. HP: 15/15 MP: 0/5
   502 | D:1      | Reached XP level 3. HP: 19/19 MP: 1/7
   507 | D:1      | Learned a level 3 spell: Stone Arrow
  1002 | D:2      | Reached XP level 4. HP: 23/24 MP: 4/9
  1280 | D:2      | Reached skill level 1 in Conjurations
  1433 | D:2      | Noticed Terence
  1443 | D:2      | Killed Terence
  1443 | D:2      | Reached XP level 5. HP: 25/28 MP: 2/11
  2380 | D:3      | Reached XP level 6. HP: 32/32 MP: 1/12
  2387 | D:3      | Learned a level 5 spell: Lee's Rapid Deconstruction
  2624 | D:3      | Noticed Grinder
  2748 | D:3      | Paralysed by Grinder for 6 turns
  2758 | D:3      | Killed Grinder
  2758 | D:3      | Reached XP level 7. HP: 14/36 MP: 6/13
  3055 | D:3      | Found a bloodstained altar of Trog.
  3209 | D:3      | Found a burning altar of Makhleb.
  3237 | D:3      | Found an ancient bone altar of Kikubaaqudgha.
  3352 | D:3      | Found a shimmering blue altar of Sif Muna.
  3354 | D:3      | Found a radiant altar of Vehumet.
  3357 | D:3      | Identified Vehumet's Guide on Attacks
  3360 | D:3      | Became a worshipper of Vehumet
  3408 | D:3      | Found a sparkling altar of Nemelex Xobeh.
  4526 | D:4      | Reached XP level 8. HP: 41/41 MP: 10/14
  4530 | D:4      | Noticed a hippogriff
  4547 | D:4      | Killed a hippogriff
  4547 | D:4      | Reached * piety under Vehumet
  4547 | D:4      | Offered knowledge of Shock by Vehumet.
  4875 | D:5      | Entered Level 5 of the Dungeon
  5190 | D:5      | Reached skill level 10 in Earth Magic
  5379 | D:5      | Found a staircase to the Ecumenical Temple.
  5868 | D:5      | Noticed Blork the orc
  5873 | D:5      | Killed Blork the orc
  6257 | D:6      | Found a shadowy altar of Dithmenos.
  6264 | D:6      | Reached skill level 5 in Spellcasting
  6301 | D:6      | Found a stormy altar of Qazlal.
  6352 | D:6      | Found Poganiwifu's Distillery.
  6370 | D:6      | Bought a potion of curing for 42 gold pieces
  6370 | D:6      | Bought a potion of haste for 140 gold pieces
  6370 | D:6      | Bought 2 potions of curing for 84 gold pieces
  6389 | D:6      | Found a glowing silver altar of Zin.
  6413 | D:6      | Found Tava's Assorted Antiques.
  6829 | D:6      | Reached skill level 1 in Fighting
  6887 | D:7      | Reached XP level 9. HP: 42/49 MP: 7/16
  6950 | D:7      | Reached ** piety under Vehumet
  6950 | D:7      | Offered knowledge of Freeze by Vehumet.
  7162 | D:7      | Found a transporter.
  7248 | D:7      | Found a transporter.
  7415 | D:7      | Found a basalt altar of Yredelemnul.
  7536 | D:7      | Reached skill level 5 in Fighting
  7566 | D:7      | Learned a level 4 spell: Petrify
  7614 | D:8      | Noticed a two-headed ogre
  7621 | D:8      | Killed a two-headed ogre
  7681 | D:8      | Found a staircase to the Lair.
  7710 | D:8      | Found a glowing golden altar of the Shining One.
  8074 | D:8      | Found Baocer's Food Boutique.
  8275 | D:8      | Reached XP level 10. HP: 63/63 MP: 14/20
  8279 | D:8      | Offered knowledge of Dazzling Spray by Vehumet.
  8289 | D:8      | Learned a level 3 spell: Dazzling Spray
  8429 | D:8      | Got a slimy robe
  8440 | D:8      | Identified the +1 robe "Kocwarghe" {-Cast Dex+4 Slay+3}
                  | (You found it on level 8 of the Dungeon)
  8681 | D:9      | Reached skill level 1 in Armour
  8840 | D:9      | Got a dull robe
  8851 | D:9      | Identified the +2 robe "Qalef" {rPois Str+2 Int+2} (You
                  | found it on level 9 of the Dungeon)
  8903 | D:9      | Found a sacrificial altar of Ru.
  9330 | D:9      | Found a hazy altar of Hepliaklqana.
  9331 | D:9      | Found an ornate altar of the Wu Jian Council.
  9457 | D:9      | Reached *** piety under Vehumet
  9616 | D:9      | Offered knowledge of Static Discharge by Vehumet.
  9994 | Lair:1   | Entered Level 1 of the Lair of Beasts
 10177 | Lair:1   | Noticed a spiny frog
 10190 | Lair:1   | Killed a spiny frog
 10190 | Lair:1   | Reached XP level 11. HP: 57/67 MP: 11/24
 10276 | Lair:1   | Noticed a six-headed hydra
 10278 | Lair:1   | Killed a six-headed hydra
 10278 | Lair:1   | Reached skill level 5 in Dodging
 10996 | Lair:1   | Reached **** piety under Vehumet
 11329 | Lair:1   | You fall into a shaft and drop 1 floor!
 11478 | Lair:1   | Reached XP level 12. HP: 65/72 MP: 20/25
 11757 | Lair:2   | Offered knowledge of Mephitic Cloud by Vehumet.
 11763 | Lair:2   | Reached skill level 10 in Spellcasting
 11798 | Lair:2   | Found a hole to the Spider Nest.
 12237 | Lair:2   | You fall into a shaft and drop 1 floor!
 12516 | Lair:3   | Noticed Sonja
 12531 | Lair:3   | Killed Sonja
 13088 | Lair:3   | Found a staircase to the Swamp.
 13164 | Lair:4   | Noticed a six-headed hydra
 13167 | Lair:4   | Killed a six-headed hydra
 13170 | Lair:4   | Noticed a four-headed hydra
 13624 | Lair:4   | Reached ***** piety under Vehumet
 13720 | Lair:4   | Offered knowledge of Bolt of Fire by Vehumet.
 13812 | Lair:4   | Learned a level 6 spell: Bolt of Fire
 13830 | Lair:4   | Killed a four-headed hydra
 13830 | Lair:4   | Reached XP level 13. HP: 70/76 MP: 10/29
 14152 | Lair:5   | Reached skill level 5 in Conjurations
 14673 | Lair:5   | Reached skill level 5 in Fire Magic
 15324 | Lair:6   | Entered Level 6 of the Lair of Beasts
 16221 | Lair:6   | Found a staircase to the Slime Pits.
 16389 | Lair:6   | Found a runed translucent door.
 16390 | Lair:6   | Identified the +3 trident of Peril {vamp, +Inv}
 16393 | Lair:6   | Noticed elongatedgoose's ghost (journeyman MiFi)
 16427 | Lair:6   | Gained mutation: Your large and strong wings let you fly
                  | indefinitely. [Gargoyle growth]
 16427 | Lair:6   | Reached XP level 14. HP: 82/82 MP: 24/30
 16820 | Lair:6   | Found a blossoming altar of Fedhas.
 17334 | D:10     | Entered Level 10 of the Dungeon
 17492 | D:10     | Reached skill level 10 in Conjurations
 17808 | D:10     | Found Moidgh's Weapon Shoppe.
 17812 | D:10     | Found a staircase to the Orcish Mines.
 17972 | D:6      | Bought a potion of mutation for 112 gold pieces
 17972 | D:6      | Bought a potion of lignification for 42 gold pieces
 17972 | D:6      | Bought a potion of invisibility for 112 gold pieces
 17972 | D:6      | Bought a potion of ambrosia for 112 gold pieces
 17972 | D:6      | Bought a potion of heal wounds for 70 gold pieces
 17972 | D:6      | Bought a potion of heal wounds for 70 gold pieces
 18291 | D:11     | Offered knowledge of Spellforged Servitor by Vehumet.
 19273 | D:12     | Offered knowledge of Poison Arrow by Vehumet.
 19349 | D:12     | Found the +12 glaive of Prune {chop}
 19506 | D:12     | Reached skill level 1 in Shields
 20333 | D:13     | Found a gate to the Vaults.
 20613 | D:13     | Reached XP level 15. HP: 91/91 MP: 21/31
 20755 | D:13     | Found Bebuicoo's Antique Weapon Shop.
 21008 | Orc:1    | Entered Level 1 of the Orcish Mines
 21030 | Orc:1    | Reached skill level 10 in Fighting
 21246 | Orc:2    | Entered Level 2 of the Orcish Mines
 21751 | Orc:2    | Reached ****** piety under Vehumet
 22120 | Orc:2    | Found Imid Tuo's Magic Scroll Emporium.
 22159 | Orc:2    | Found a roughly hewn altar of Beogh.
 22269 | Orc:1    | Offered knowledge of Ozocubu's Refrigeration by Vehumet.
 22448 | Orc:1    | Found a radiant altar of Vehumet.
 22725 | Orc:2    | Found Guudarok's Book Emporium.
 22725 | Orc:2    | Found Duiblag's Distillery.
 22725 | Orc:2    | Found Suiff's Armour Shop.
 22728 | Orc:2    | Found Igoekaq's Magic Scroll Shoppe.
 23090 | Orc:2    | Found a staircase to the Elven Halls.
 23375 | Orc:2    | Bought a +1 robe of the Archmagi for 490 gold pieces
 23628 | D:14     | Noticed Agnes
 23633 | D:14     | Killed Agnes
 23739 | D:14     | Learned a level 9 spell: Shatter
 23797 | D:14     | Reached skill level 15 in Earth Magic
 24201 | D:14     | Noticed Frances
 24209 | D:14     | Killed Frances
 24898 | D:15     | Entered Level 15 of the Dungeon
 25425 | D:15     | Reached XP level 16. HP: 97/97 MP: 24/32
 25508 | D:15     | Reached skill level 5 in Armour
 25680 | D:15     | Identified the +7 quarterstaff of Light {crush, rPois rC+
                  | Str-4}
 25680 | D:15     | Noticed Josephine
 25759 | D:15     | Offered knowledge of Orb of Destruction by Vehumet.
 26062 | D:15     | Killed Josephine
 26346 | D:15     | Found a staircase to the Depths.
 26494 | D:15     | Found a white marble altar of Elyvilon.
 26640 | D:15     | Reached skill level 10 in Armour
 26988 | Swamp:1  | Entered Level 1 of the Swamp
 27074 | Swamp:1  | Got a pair of transparent gloves
 27122 | Lair:3   | Identified the +0 pair of gloves of Mumblety Peg {rPois
                  | Int+5} (You found it on level 1 of the Swamp)
 27128 | Swamp:1  | Noticed Nikola
 27134 | Swamp:1  | Killed Nikola
 27761 | Swamp:2  | Learned a level 5 spell: Fireball
 27803 | Swamp:2  | Noticed Donald
 27816 | Swamp:2  | Killed Donald
 27982 | Swamp:2  | Offered knowledge of Bolt of Cold by Vehumet.
 28568 | Swamp:3  | Reached XP level 17. HP: 79/102 MP: 9/33
 28719 | Swamp:3  | Found a runed translucent door.
 28748 | Swamp:3  | Noticed Kirke
 28751 | Swamp:3  | Killed Kirke
 29130 | Swamp:3  | Noticed Bai Suzhen
 29146 | Swamp:3  | Killed Bai Suzhen
 29717 | Swamp:4  | Entered Level 4 of the Swamp
 29730 | Swamp:4  | Offered knowledge of Conjure Ball Lightning by Vehumet.
 30841 | Swamp:4  | Offered knowledge of Lehudib's Crystal Spear by Vehumet.
 30841 | Swamp:4  | Offered knowledge of Fire Storm by Vehumet.
 30841 | Swamp:4  | Offered knowledge of Chain Lightning by Vehumet.
 30852 | Swamp:4  | Learned a level 8 spell: Lehudib's Crystal Spear
 31026 | Swamp:4  | Noticed a bone dragon
 31087 | Swamp:3  | Killed a bone dragon
 31270 | Swamp:4  | Got a decaying rune of Zot
 31637 | Elf:1    | Entered Level 1 of the Elven Halls
 31673 | Elf:1    | Reached XP level 18. HP: 62/108 MP: 9/34
 31922 | Elf:1    | Found Kaykkitt's Food Emporium.
 32259 | Elf:1    | Found Zueps's Assorted Antiques.
 32374 | Elf:1    | Found Baag's Assorted Antiques.
 32481 | Elf:1    | Found Kucacw's Book Shop.
 32510 | Elf:1    | Found Udoejinu's Food Shop.
 32999 | Elf:2    | Identified a scroll of acquirement
 33011 | Elf:2    | Noticed a deep elf blademaster
 33037 | Elf:2    | Killed a deep elf blademaster
 33774 | Elf:2    | Found a huge runed translucent gate.
 33774 | Elf:2    | Found a huge runed translucent gate.
 33774 | Elf:2    | Found a huge runed translucent gate.
 33774 | Elf:2    | Found a huge runed translucent gate.
 33778 | Elf:2    | Found a huge runed translucent gate.
 33834 | Elf:2    | Found a runed translucent door.
 33839 | Elf:2    | Noticed Ewetirimn's ghost (adept MiBe)
 33965 | Elf:3    | Entered Level 3 of the Elven Halls
 34800 | Elf:3    | Noticed a deep elf blademaster
 34802 | Elf:3    | Noticed a deep elf blademaster
 34804 | Elf:3    | Killed a deep elf blademaster
 34805 | Elf:3    | Killed a deep elf blademaster
 34807 | Elf:3    | Cast into level 2 of the Abyss (a deep elf sorcerer)
 34852 | Elf:3    | Escaped the Abyss
 34853 | Elf:3    | Killed a deep elf master archer
 34856 | Elf:3    | Reached XP level 19. HP: 61/112 MP: 14/35
 35399 | Elf:3    | Identified the Volume of Bewitchment
 35880 | Spider:1 | Entered Level 1 of the Spider Nest
 36014 | Spider:1 | Got a slimy steel ring
 36016 | Spider:1 | Identified the ring "Uxa Ilua" {rElec Dex+2 SInv} (You
                  | acquired it on level 1 of the Spider Nest)
 36571 | Spider:2 | Noticed Jorgrun
 36573 | Spider:2 | Killed Jorgrun
 36801 | Spider:2 | Noticed Louise
 36803 | Spider:2 | Killed Louise
 37245 | Spider:3 | Noticed Asterion
 37247 | Spider:3 | Killed Asterion
 37266 | Spider:3 | Noticed Arachne
 37271 | Spider:3 | Killed Arachne
 37447 | Spider:3 | Noticed Azrael
 37451 | Spider:3 | Killed Azrael
 37645 | Spider:2 | Learned a level 2 spell: Blink
 37971 | Spider:4 | Entered Level 4 of the Spider Nest
 37976 | Spider:4 | Reached skill level 1 in Translocations
 37996 | Spider:4 | Reached XP level 20. HP: 110/124 MP: 22/37
 38960 | Spider:4 | Reached skill level 1 in Evocations
 39206 | Spider:4 | Got a gossamer rune of Zot
 40121 | Vaults:1 | Entered Level 1 of the Vaults
 40532 | Vaults:1 | Reached skill level 15 in Spellcasting
 40928 | Vaults:1 | Found a portal to a secret trove of treasure.
 41629 | Vaults:2 | Reached XP level 21. HP: 129/129 MP: 26/41
 41808 | Vaults:2 | Identified the cursed +1 robe of Jigsaw {rC+}
 41950 | Vaults:2 | Identified the cursed +1 robe of Wupoko {rN+ Int+6}
 42043 | Vaults:2 | Found a radiant altar of Vehumet.
 42070 | Vaults:2 | Got a fine hat
 42102 | Vaults:2 | Identified the +2 hat of Pantheism {*Contam MR+ rCorr} (You
                  | found it on level 2 of the Vaults)
 42113 | Vaults:2 | Got a bloodstained hat
 42119 | Vaults:2 | Identified the +0 hat of the Blizzard {rPois Str+2} (You
                  | found it on level 2 of the Vaults)
 42182 | Vaults:2 | Got an ancient hat
 42193 | Vaults:2 | Identified the +2 hat "Usosi" {Stlth+} (You found it on
                  | level 2 of the Vaults)
 42389 | D:13     | Bought the +3 Elemental Staff {rElec rF++ rC++ MR++ AC+5}
                  | for 3226 gold pieces
 42389 | D:13     | Found the +3 Elemental Staff {rElec rF++ rC++ MR++ AC+5}
 42703 | Vaults:2 | You are sucked into a shaft and drop 2 floors!
 42713 | Vaults:4 | Found a shimmering blue altar of Sif Muna.
 43138 | Vaults:4 | Found Cyczedd's Assorted Antiques.
 43328 | Vaults:4 | Identified the +9 arbalest of Past Mistakes {venom, rElec
                  | rC+ MR+}
 43682 | Vaults:4 | Reached XP level 22. HP: 135/135 MP: 39/44
 44500 | Vaults:4 | Learned a level 9 spell: Fire Storm
 44912 | Vaults:3 | Found a runed translucent gate.
 44914 | Vaults:3 | Noticed an ancient lich
 44916 | Vaults:3 | Reached skill level 10 in Fire Magic
 44916 | Vaults:3 | Killed an ancient lich
 44916 | Vaults:3 | Noticed Kaes's ghost (adept MiFi)
 44916 | Vaults:3 | Noticed Adoajy's ghost (adept DsWr)
 44916 | Vaults:3 | Noticed an ancient lich
 44919 | Vaults:3 | Killed an ancient lich
 44927 | Vaults:3 | Found a large runed translucent door.
 44927 | Vaults:3 | Found an ancient bone altar of Kikubaaqudgha.
 44933 | Vaults:3 | Killed Adoajy's ghost
 44945 | Vaults:3 | Killed Kaes's ghost
 45069 | Vaults:3 | Found a large runed translucent door.
 45096 | Vaults:3 | Got an encrusted hat
 45107 | Vaults:3 | Identified the cursed -4 hat of Catatonia {rC+++ Str+6
                  | Slay-2 Stlth-} (You found it on level 3 of the Vaults)
 45122 | Vaults:3 | Got a twitching garnet amulet
 45141 | Vaults:3 | Identified the amulet "Dushickodieh" {+Rage rF- rC+ rN+
                  | Dex+3} (You found it on level 3 of the Vaults)
 45735 | Vaults:3 | Reached XP level 23. HP: 137/140 MP: 8/46
 45867 | Vaults:3 | Found a staircase to the Crypt.
 45939 | Vaults:3 | Identified the +8 shortbow of Fury {freeze, rPois rN+}
 47314 | Elf:1    | Bought a ration for 65 gold pieces
 47314 | Elf:1    | Bought a ration for 65 gold pieces
 47314 | Elf:1    | Bought a ration for 65 gold pieces
 47314 | Elf:1    | Bought a ration for 65 gold pieces
 47314 | Elf:1    | Bought a ration for 65 gold pieces
 47314 | Elf:1    | Bought a ration for 65 gold pieces
 47314 | Elf:1    | Bought a ration for 65 gold pieces
 47314 | Elf:1    | Bought a ration for 65 gold pieces
 47588 | Crypt:1  | Entered Level 1 of the Crypt
 47748 | Crypt:1  | Noticed Mara
 47751 | Crypt:1  | Noticed TittyCrusher's illusion
 47753 | Crypt:1  | Killed Mara
 47784 | Crypt:1  | Noticed Saint Roka
 47788 | Crypt:1  | Killed Saint Roka
 49003 | Crypt:2  | Reached skill level 15 in Conjurations
 49357 | Crypt:3  | Entered Level 3 of the Crypt
 49570 | Crypt:3  | Reached XP level 24. HP: 105/145 MP: 33/46
 49929 | Crypt:3  | Identified the +4 leather armour of the Eternal Fruit
                  | {rPois Str+6}
 49930 | Crypt:3  | Reached skill level 15 in Fire Magic
 50008 | Crypt:3  | Noticed Frederick
 50010 | Crypt:3  | Killed Frederick
 50013 | Crypt:3  | Noticed a curse toe
 50013 | Crypt:3  | Identified the ring of Zooteh {rN+ MR+ Str+3 Int+4}
 50013 | Crypt:3  | Noticed Jory
 50015 | Crypt:3  | Killed Jory
 50019 | Crypt:3  | Killed a curse toe
 50322 | Crypt:3  | Identified the ring "Buxoafaf" {rF+ rN+ MP+9 Int+4 Dex-5
                  | Stlth+}
 50394 | Crypt:3  | Found a staircase to the Tomb.
 50502 | Crypt:3  | Found an ancient bone altar of Kikubaaqudgha.
 50508 | Crypt:3  | Found a basalt altar of Yredelemnul.
 50574 | Crypt:3  | Identified the ring "Qunith" {rN+ MP+9} (You found it on
                  | level 3 of the Crypt)
 50576 | Crypt:3  | Identified the ring "Beutanogo" {+Blink rC- MR+ Int+2
                  | Dex+4} (You found it on level 3 of the Crypt)
 50953 | Vaults:5 | Entered Level 5 of the Vaults
 51447 | Vaults:5 | Reached XP level 25. HP: 133/150 MP: 38/46
 51703 | Vaults:5 | Noticed an ancient lich
 51708 | Vaults:5 | Killed an ancient lich
 51723 | Vaults:5 | Identified the cursed +2 longbow of Purpose {freeze, MP+9
                  | Str+3}
 52497 | Vaults:5 | Identified the ring "Wisha" {rElec MR++ Stlth+} (You found
                  | it on level 5 of the Vaults)
 52679 | Vaults:5 | Learned a level 8 spell: Controlled Blink
 52702 | Vaults:5 | Got a silver rune of Zot
 53100 | Depths:1 | Entered Level 1 of the Depths
 53178 | Depths:1 | Found a one-way gate leading to the halls of Pandemonium.
 53196 | Depths:1 | Noticed Sojobo
 53198 | Depths:1 | Killed Sojobo
 53198 | Depths:1 | Reached XP level 26. HP: 123/156 MP: 7/46
 53582 | Depths:1 | Found a gateway to Hell.
 54025 | Depths:1 | Found a one-way gate to the infinite horrors of the Abyss.
 54151 | Depths:2 | Found a gateway to a ziggurat.
 54359 | Depths:2 | Found an iron altar of Okawaru.
 54924 | Depths:2 | Identified the amulet "Tyxzoent" {Acrobat rElec Int+4
                  | Dex-3} (You acquired it on level 2 of the Depths)
 56426 | Orc:2    | Bought a potion of haste for 160 gold pieces
 56426 | Orc:2    | Bought a potion of haste for 160 gold pieces
 56426 | Orc:2    | Bought a potion of curing for 48 gold pieces
 56426 | Orc:2    | Bought a potion of haste for 160 gold pieces
 56426 | Orc:2    | Bought a potion of haste for 160 gold pieces
 56426 | Orc:2    | Bought a potion of heal wounds for 80 gold pieces
 56523 | Elf:1    | Bought 2 potions of heal wounds for 290 gold pieces
 56890 | Depths:2 | Learned a level 6 spell: Invisibility
 56902 | Depths:2 | Learned a level 8 spell: Necromutation
 56975 | Zig:1    | Entered Level 1 of a ziggurat
 56994 | Zig:2    | Entered Level 2 of a ziggurat
 56995 | Zig:2    | Noticed Ziostroa the pandemonium lord
 56998 | Zig:2    | Killed Ziostroa the pandemonium lord
 57082 | Zig:2    | Identified the +1 robe of Wu Jian's Hatred {Str+6} (You
                  | found it on level 2 of a ziggurat)
 57086 | Zig:3    | Entered Level 3 of a ziggurat
 57105 | Zig:3    | Got a transparent granite ring
 57106 | Zig:3    | Identified the cursed ring "Pipost" {EV-3 Str+4 Int-2 Dex+4
                  | SInv} (You found it on level 3 of a ziggurat)
 57113 | Zig:4    | Entered Level 4 of a ziggurat
 57157 | Zig:4    | Got a slimy amber ring
 57158 | Zig:4    | Identified the ring of Ewny {Wiz Int+4} (You found it on
                  | level 4 of a ziggurat)
 57168 | Zig:5    | Entered Level 5 of a ziggurat
 57173 | Zig:5    | Noticed Mohoibri the pandemonium lord
 57174 | Zig:5    | Reached skill level 5 in Shields
 57175 | Zig:5    | Killed Mohoibri the pandemonium lord
 57247 | Zig:5    | Identified the ring "Ohappen" {+Fly rF+ Dex+2} (You found
                  | it on level 5 of a ziggurat)
 57271 | Zig:6    | Entered Level 6 of a ziggurat
 57276 | Zig:6    | Killed a shard shrike
 57276 | Zig:6    | Killed a shard shrike
 57292 | Zig:6    | Identified the Compendium of Sinister Benedictions
 57298 | Zig:6    | Learned a level 3 spell: Regeneration
 57317 | Zig:7    | Entered Level 7 of a ziggurat
 57346 | Zig:7    | Reached skill level 10 in Shields
 57346 | Zig:7    | Reached XP level 27. HP: 160/160 MP: 46/46
 57350 | Zig:8    | Entered Level 8 of a ziggurat
 57380 | Zig:8    | Identified the Handbook of Changing and Lightness
 57401 | Zig:9    | Entered Level 9 of a ziggurat
 57435 | Zig:9    | Identified the amulet "Nieghes" {Spirit rF+ rC+} (You found
                  | it on level 9 of a ziggurat)
 57438 | Zig:9    | Identified the ring of Uceetha {Int+6 Dex+2} (You found it
                  | on level 9 of a ziggurat)
 57442 | Zig:9    | Identified the Volume of Cankerous Shape Shifting
 57453 | Zig:10   | Entered Level 10 of a ziggurat
 57489 | Zig:10   | Identified the ring of the Exiled Stars {*Drain rC++ MR+
                  | Dex+4 Stlth-} (You found it on level 10 of a ziggurat)
 57492 | Zig:10   | Identified the Incunabulum of Feathery Transformation
 57507 | Zig:10   | Identified the Grimoire of the Seven Ghosts
 57525 | Zig:11   | Entered Level 11 of a ziggurat
 57600 | Zig:12   | Entered Level 12 of a ziggurat
 57609 | Zig:12   | Noticed a greater mummy
 57611 | Zig:12   | Noticed a greater mummy
 57614 | Zig:12   | Noticed a greater mummy
 57616 | Zig:12   | Killed a greater mummy
 57618 | Zig:12   | Killed a greater mummy
 57618 | Zig:12   | Reached skill level 15 in Shields
 57618 | Zig:12   | Noticed a greater mummy
 57619 | Zig:12   | Killed a greater mummy
 57623 | Zig:12   | Killed a greater mummy
 57724 | Zig:13   | Entered Level 13 of a ziggurat
 57861 | Zig:13   | Identified the ring "Ocecras" {Fire rPois} (You found it on
                  | level 13 of a ziggurat)
 57917 | Zig:14   | Entered Level 14 of a ziggurat
 57991 | Zig:14   | Identified the Compendium of Boosts
 58010 | Zig:15   | Entered Level 15 of a ziggurat
 58036 | Zig:15   | Reached skill level 1 in Transmutations
 58139 | Zig:16   | Entered Level 16 of a ziggurat
 58158 | Zig:16   | Reached skill level 5 in Translocations
 58200 | Zig:16   | Found the +4 skin of Zhor {Hibernate rC+++ SInv}
 58202 | Zig:16   | Found the +8 trident of the Octopus King {venom, rElec
                  | rPois MR+}
 58209 | Zig:16   | Identified the Disquisition on Excruciating Ignition
 58271 | Zig:17   | Entered Level 17 of a ziggurat
 58357 | Zig:17   | Found the +9 sword of Zonguldrok {reap}
 58364 | Zig:17   | Reached skill level 10 in Translocations
 58372 | Zig:17   | Identified the Grimoire of Translocation and Toxins
 58415 | Zig:18   | Entered Level 18 of a ziggurat
 58501 | Zig:18   | Identified Ekiume's Collected Works on Frigorific Combat
                  | Magic
 58524 | Zig:19   | Entered Level 19 of a ziggurat
 58558 | Zig:19   | Reached skill level 15 in Translocations
 58604 | Zig:19   | Identified the Grimoire of the Four Continents
 58631 | Zig:19   | Identified the Grimoire of Lucky Curses
 58643 | Zig:20   | Entered Level 20 of a ziggurat
 58662 | Zig:20   | Noticed Bofapnay the pandemonium lord
 58663 | Zig:20   | Killed Bofapnay the pandemonium lord
 58663 | Zig:20   | Reached skill level 15 in Fighting
 58692 | Zig:20   | Identified the Incunabulum of Confrontation
 58720 | Zig:21   | Entered Level 21 of a ziggurat
 58733 | Zig:21   | Reached skill level 1 in Hexes
 58736 | Zig:21   | Noticed an orb of fire
 58739 | Zig:21   | Killed an orb of fire
 58742 | Zig:21   | Noticed an orb of fire
 58742 | Zig:21   | Noticed an orb of fire
 58749 | Zig:21   | Noticed an orb of fire
 58753 | Zig:21   | Noticed an orb of fire
 58754 | Zig:21   | Killed an orb of fire
 58754 | Zig:21   | Reached skill level 5 in Hexes
 58754 | Zig:21   | Gained mutation: You are weak. (Str -2) [an orb of fire]
 58755 | Zig:21   | Killed an orb of fire
 58759 | Zig:21   | Gained mutation: You are frail. (-10% HP) [an orb of fire]
 58765 | Zig:21   | Killed an orb of fire
 58765 | Zig:21   | Killed an orb of fire
 58769 | Zig:21   | Noticed an orb of fire
 58773 | Zig:21   | Killed an orb of fire
 58809 | Zig:21   | Found the +3 sling "Punk" {acid, rCorr}
 58814 | Zig:21   | Identified the ring "Vazanul" {rF+ Slay+3} (You found it on
                  | level 21 of a ziggurat)
 58819 | Zig:21   | Identified the cursed +0 robe "Riem" {Stlth+} (You found it
                  | on level 21 of a ziggurat)
 58839 | Zig:21   | Identified the Handbook of Burning Boosts
 58899 | Zig:21   | Identified the +1 leather armour of Insecurity {rF- rN+
                  | Int+3 Dex+4} (You found it on level 21 of a ziggurat)
 58908 | Zig:22   | Entered Level 22 of a ziggurat
 58937 | Zig:22   | Reached skill level 1 in Necromancy
 58958 | Zig:22   | Reached skill level 5 in Necromancy
 59202 | Zig:23   | Entered Level 23 of a ziggurat
 59228 | Zig:23   | Reached skill level 10 in Transmutations
 59313 | Zig:23   | Reached skill level 10 in Necromancy
 59455 | Zig:24   | Entered Level 24 of a ziggurat
 59535 | Zig:24   | Found the amulet of the Four Winds {rN+ MR+++ Clar}
 59574 | Zig:24   | Got a twitching copper ring
 59575 | Zig:24   | Identified the ring of Ycvoklin {+Inv rC+ MR+ Int-2} (You
                  | found it on level 24 of a ziggurat)
 59592 | Zig:24   | Identified the ring "Ikarach" {rPois Str+2} (You found it
                  | on level 24 of a ziggurat)
 59647 | Zig:25   | Entered Level 25 of a ziggurat
 59662 | Zig:25   | Noticed Hushrenlym the pandemonium lord
 59662 | Zig:25   | Noticed Mecease the pandemonium lord
 59669 | Zig:25   | Noticed Tolyrch the pandemonium lord
 59670 | Zig:25   | Killed Hushrenlym the pandemonium lord
 59674 | Zig:25   | Noticed Girec the pandemonium lord
 59674 | Zig:25   | Noticed Geniuzxo the pandemonium lord
 59687 | Zig:25   | Noticed Ascheojok the pandemonium lord
 59688 | Zig:25   | Noticed Tomp the pandemonium lord
 59688 | Zig:25   | Noticed Totad Byrimi the pandemonium lord
 59688 | Zig:25   | Noticed Maklorum the pandemonium lord
 59689 | Zig:25   | Noticed Somnes the pandemonium lord
 59691 | Zig:25   | Killed Somnes the pandemonium lord
 59692 | Zig:25   | Killed Totad Byrimi the pandemonium lord
 59693 | Zig:25   | Noticed Zeofig the pandemonium lord
 59700 | Zig:25   | Killed Girec the pandemonium lord
 59702 | Zig:25   | Killed Tolyrch the pandemonium lord
 59702 | Zig:25   | Reached skill level 27 in Earth Magic
 59702 | Zig:25   | Killed Tomp the pandemonium lord
 59703 | Zig:25   | Killed Geniuzxo the pandemonium lord
 59706 | Zig:25   | Killed Mecease the pandemonium lord
 59706 | Zig:25   | Killed Maklorum the pandemonium lord
 59714 | Zig:25   | Killed Ascheojok the pandemonium lord
 59725 | Zig:25   | Killed Zeofig the pandemonium lord
 59740 | Zig:25   | Noticed Xoer the pandemonium lord
 59742 | Zig:25   | Killed Xoer the pandemonium lord
 59787 | Zig:25   | Found the macabre finger necklace {rN+}
 59787 | Zig:25   | Found the +5 scythe "Finisher" {speed, eviscerate}
 59799 | Zig:25   | Identified Sif Muna's Volume of Summoning and the Oath
 59812 | Zig:25   | Identified the amulet of Bidgh {Inacc +Blink rElec rPois
                  | MR-} (You found it on level 25 of a ziggurat)
 59831 | Zig:25   | Identified the ring of the Jolly Blessings {+Fly rC+ Int+5}
                  | (You found it on level 25 of a ziggurat)
 59832 | Zig:25   | Identified Syckiag's Papyrus of Flying Augmentations
 59921 | Zig:26   | Entered Level 26 of a ziggurat
 59988 | Zig:26   | Identified the Tome of Darkness and Bewitchment
 59995 | Zig:26   | Got a clouded platinum ring
 59996 | Zig:26   | Identified the ring of Ypleoj {*Slow MR- rCorr Int+10} (You
                  | found it on level 26 of a ziggurat)
 60004 | Zig:26   | Identified the amulet of a Billion Blessings {+Rage MR+}
                  | (You found it on level 26 of a ziggurat)
 60020 | Zig:26   | Lost mutation: You are frail. (-10% HP) [potion of
                  | mutation]
 60020 | Zig:26   | Lost mutation: You are weak. (Str -2) [potion of mutation]
 60020 | Zig:26   | Gained mutation: Your movements are slightly less
                  | encumbered by armour. (ER -2) [potion of mutation]
 60020 | Zig:26   | Gained mutation: You have supernaturally acute eyesight.
                  | (SInv) [potion of mutation]
 60020 | Zig:26   | Gained mutation: You are partially covered in molten
                  | scales. (AC +2) [potion of mutation]
 60020 | Zig:26   | Gained mutation: You have a pair of small antennae on your
                  | head. [potion of mutation]
 60071 | Zig:27   | Entered Level 27 of a ziggurat
 60083 | Zig:27   | Noticed Nimetuoce the pandemonium lord
 60085 | Zig:27   | Noticed Meratziddo the pandemonium lord
 60090 | Zig:27   | Killed Nimetuoce the pandemonium lord
 60093 | Zig:27   | Killed Meratziddo the pandemonium lord
 60094 | Zig:27   | Noticed Elleng the pandemonium lord
 60096 | Zig:27   | Noticed Urpho the pandemonium lord
 60097 | Zig:27   | Killed Elleng the pandemonium lord
 60100 | Zig:27   | Killed Urpho the pandemonium lord
 60107 | Zig:27   | Noticed Pigrich the pandemonium lord
 60107 | Zig:27   | Noticed Awer the pandemonium lord
 60109 | Zig:27   | Killed Wozuy the pandemonium lord
 60110 | Zig:27   | Killed Pigrich the pandemonium lord
 60111 | Zig:27   | Killed Gyacros the pandemonium lord
 60112 | Zig:27   | Noticed Doajinie the pandemonium lord
 60112 | Zig:27   | Killed Awer the pandemonium lord
 60113 | Zig:27   | Noticed Pyoriobb the pandemonium lord
 60113 | Zig:27   | Noticed Ufynuji the pandemonium lord
 60113 | Zig:27   | Noticed Kuot the pandemonium lord
 60115 | Zig:27   | Killed Doajinie the pandemonium lord
 60117 | Zig:27   | Killed Pyoriobb the pandemonium lord
 60117 | Zig:27   | Killed Ufynuji the pandemonium lord
 60117 | Zig:27   | Noticed Xunoibbu the pandemonium lord
 60118 | Zig:27   | Killed Kuot the pandemonium lord
 60120 | Zig:27   | Killed Xunoibbu the pandemonium lord
 60121 | Zig:27   | Noticed Ciunenynn the pandemonium lord
 60123 | Zig:27   | Noticed Ampad the pandemonium lord
 60123 | Zig:27   | Noticed Deiruoho the pandemonium lord
 60124 | Zig:27   | Killed Deiruoho the pandemonium lord
 60124 | Zig:27   | Killed Werghusixt the pandemonium lord
 60125 | Zig:27   | Killed Ciunenynn the pandemonium lord
 60125 | Zig:27   | Killed Ampad the pandemonium lord
 60125 | Zig:27   | Noticed Uhaunidu the pandemonium lord
 60127 | Zig:27   | Killed Uhaunidu the pandemonium lord
 60128 | Zig:27   | Noticed Asyif the pandemonium lord
 60128 | Zig:27   | Noticed Tacyt the pandemonium lord
 60128 | Zig:27   | Noticed Rauh Caof the pandemonium lord
 60129 | Zig:27   | Noticed Lizaihoaqe the pandemonium lord
 60130 | Zig:27   | Killed Rauh Caof the pandemonium lord
 60131 | Zig:27   | Killed Asyif the pandemonium lord
 60132 | Zig:27   | Killed Lizaihoaqe the pandemonium lord
 60133 | Zig:27   | Killed Tacyt the pandemonium lord
 60244 | Zig:27   | Identified Sif Muna's Catalogue of Shape Shifting and Aid
 60305 | Depths:2 | Learned a level 9 spell: Glaciate
 60311 | Zig:1    | Entered Level 1 of a ziggurat
 60324 | Zig:2    | Entered Level 2 of a ziggurat
 60339 | Zig:2    | Got a brightly glowing marble ring
 60342 | Zig:2    | Identified the ring "Deithroh" {Ice Stlth+} (You found it
                  | on level 2 of a ziggurat)
 60348 | Zig:3    | Entered Level 3 of a ziggurat
 60349 | Zig:3    | Reached skill level 5 in Evocations
 60369 | Zig:4    | Entered Level 4 of a ziggurat
 60379 | Zig:4    | Found the +0 staff of Battle
 60397 | Zig:5    | Entered Level 5 of a ziggurat
 60437 | Zig:6    | Entered Level 6 of a ziggurat
 60473 | Zig:7    | Entered Level 7 of a ziggurat
 60488 | Zig:7    | Found the ring of Phasing {EV+8}
 60509 | Zig:8    | Entered Level 8 of a ziggurat
 60516 | Zig:8    | Noticed a juggernaut
 60516 | Zig:8    | Noticed a juggernaut
 60519 | Zig:8    | Killed a juggernaut
 60519 | Zig:8    | Reached skill level 10 in Evocations
 60519 | Zig:8    | Killed a juggernaut
 60533 | Zig:8    | Got a sparkling steel ring
 60535 | Zig:8    | Identified the ring of Juqeh {rF+ MR+ Str+2 Int+2 Slay+3}
                  | (You found it on level 8 of a ziggurat)
 60557 | Zig:9    | Entered Level 9 of a ziggurat
 60607 | Zig:10   | Entered Level 10 of a ziggurat
 60616 | Zig:10   | Noticed Pula Huc the pandemonium lord
 60620 | Zig:10   | Killed Pula Huc the pandemonium lord
 60701 | Zig:11   | Entered Level 11 of a ziggurat
 60713 | Zig:11   | Noticed Nayzeh the pandemonium lord
 60721 | Zig:11   | Killed Nayzeh the pandemonium lord
 60796 | Zig:12   | Entered Level 12 of a ziggurat
 60807 | Zig:12   | Reached skill level 15 in Evocations
 60860 | Zig:12   | Reached skill level 5 in Ice Magic
 60893 | Zig:13   | Entered Level 13 of a ziggurat
 60917 | Zig:13   | Reached skill level 10 in Ice Magic
 60917 | Zig:13   | Identified the +7 large shield of the Moon Troll {rElec rF+
                  | rCorr}
 60923 | Zig:13   | Found the +8 lance "Wyrmbane" {slay drac, rPois rF+ rC+
                  | AC+3}
 60934 | Zig:13   | Identified the Volume of Supportive Snow
 60957 | Zig:13   | Identified the Guide on the Mountains and Battle Magic
 60962 | Zig:14   | Entered Level 14 of a ziggurat
 61038 | Zig:14   | Identified the +0 buckler of the Hunter {rN+ Str+5 Stlth+}
                  | (You found it on level 14 of a ziggurat)
 61056 | Zig:14   | Identified the ring of Tyuryoh {Ice Str+4 Dex+4 Slay+2}
                  | (You found it on level 14 of a ziggurat)
 61162 | Zig:15   | Entered Level 15 of a ziggurat
 61193 | Zig:15   | Identified the ring of the Empire {Wiz rN+ Int+3} (You
                  | found it on level 15 of a ziggurat)
 61202 | Zig:15   | Identified the amulet of Lies {RegenMP Str+3} (You found it
                  | on level 15 of a ziggurat)
 61207 | Zig:15   | Reached skill level 15 in Ice Magic
 61218 | Zig:15   | Identified the Guide on Poisonous Enchantment
 61290 | Zig:16   | Entered Level 16 of a ziggurat
 61306 | Zig:16   | Noticed an orb of fire
 61306 | Zig:16   | Noticed an orb of fire
 61308 | Zig:16   | Noticed an orb of fire
 61309 | Zig:16   | Killed an orb of fire
 61309 | Zig:16   | Killed an orb of fire
 61310 | Zig:16   | Noticed an orb of fire
 61310 | Zig:16   | Noticed an orb of fire
 61314 | Zig:16   | Killed an orb of fire
 61314 | Zig:16   | Killed an orb of fire
 61317 | Zig:16   | Killed an orb of fire
 61414 | Zig:16   | Found the +8 glaive of the Guard {elec, +Rage AC+5 SInv}
 61417 | Zig:16   | Found the +1 cloak of Starlight {rElec rC+ EV+4 Stlth--}
 61423 | Zig:16   | Identified the Almanac of the Birds and Envenoming
 61427 | Zig:16   | Identified the Catalogue of Ignition
 61464 | Zig:17   | Entered Level 17 of a ziggurat
 61479 | Zig:17   | Noticed Wihoasex the pandemonium lord
 61479 | Zig:17   | Noticed Jeil the pandemonium lord
 61479 | Zig:17   | Noticed Hemes the pandemonium lord
 61480 | Zig:17   | Noticed Hemyrch the pandemonium lord
 61485 | Zig:17   | Killed Hemes the pandemonium lord
 61489 | Zig:17   | Killed Wihoasex the pandemonium lord
 61489 | Zig:17   | Noticed Quudeli the pandemonium lord
 61491 | Zig:17   | Killed Hemyrch the pandemonium lord
 61492 | Zig:17   | Killed Jeil the pandemonium lord
 61493 | Zig:17   | Killed Quudeli the pandemonium lord
 61496 | Zig:17   | Noticed Monoh the pandemonium lord
 61498 | Zig:17   | Killed Keoter the pandemonium lord
 61501 | Zig:17   | Killed Monoh the pandemonium lord
 61503 | Zig:17   | Noticed Uloadd the pandemonium lord
 61503 | Zig:17   | Noticed Ejiokir the pandemonium lord
 61504 | Zig:17   | Noticed Ugruhaut the pandemonium lord
 61504 | Zig:17   | Killed Ejiokir the pandemonium lord
 61505 | Zig:17   | Killed Uloadd the pandemonium lord
 61506 | Zig:17   | Killed Ugruhaut the pandemonium lord
 61642 | Zig:17   | Identified the amulet of Twilight {+Rage Dex+2} (You found
                  | it on level 17 of a ziggurat)
 61645 | Zig:17   | Identified the ring "Wufoz" {*Tele rC+} (You found it on
                  | level 17 of a ziggurat)
 61697 | Zig:18   | Entered Level 18 of a ziggurat
 61873 | Zig:18   | Got a heavily runed brass ring
 61875 | Zig:18   | Identified the ring of Gisucues {-Tele Str+3 Int+2 Dex+3
                  | Stlth-} (You found it on level 18 of a ziggurat)
 61900 | Zig:19   | Entered Level 19 of a ziggurat
 61918 | Zig:19   | Noticed an ancient lich
 61920 | Zig:19   | Killed an ancient lich
 61921 | Zig:19   | Noticed an ancient lich
 61922 | Zig:19   | Killed an ancient lich
 62051 | Zig:19   | Identified the Collected Works on the Frostbite and Calling
 62068 | Zig:19   | Learned a level 9 spell: Tornado
 62071 | Zig:19   | Identified the ring of Deomist {Ice Str+3 Dex+3} (You found
                  | it on level 19 of a ziggurat)
 62077 | Zig:20   | Entered Level 20 of a ziggurat
 62092 | Zig:20   | Reached skill level 1 in Air Magic
 62100 | Zig:20   | Reached skill level 5 in Air Magic
 62146 | Zig:20   | Identified Hagoum's Guide on Quantum Transformation
 62149 | Zig:20   | Got a faintly glowing brass amulet
 62213 | Zig:21   | Entered Level 21 of a ziggurat
 62240 | Zig:21   | Reached skill level 10 in Air Magic
 62265 | Zig:21   | Identified the amulet of Veechel {Harm *Drain MP+9 SInv}
                  | (You found it on level 20 of a ziggurat)
 62281 | Zig:21   | Identified the Guide on Arcane Weapons
 62286 | Zig:21   | Identified Suaphacri's Tome of the Harmful Rocks
 62291 | Zig:21   | Identified A Thorough Guide to Theurgy
 62395 | Zig:22   | Entered Level 22 of a ziggurat
 62502 | Zig:22   | Got a twisted crystal plate armour
 62535 | Zig:23   | Entered Level 23 of a ziggurat
 62555 | Zig:23   | Reached skill level 15 in Air Magic
 62676 | Zig:23   | Identified the cursed +1 crystal plate armour "Buphut"
                  | {+Inv} (You found it on level 22 of a ziggurat)
 62689 | Zig:23   | Got a brightly glowing granite ring
 62691 | Zig:23   | Identified the ring "Etysupez" {Ice rElec MR+ Int+3} (You
                  | found it on level 23 of a ziggurat)
 62702 | Zig:23   | Got a heavy robe
 62713 | Zig:23   | Identified the cursed +1 robe "Tyla Moi" {Str+9 Int+4} (You
                  | found it on level 23 of a ziggurat)
 62768 | Zig:23   | Identified a +0 pair of boots of running (You found it on
                  | level 23 of a ziggurat)
 62776 | Zig:23   | Identified the Tome of Burning Stones
 62800 | Zig:24   | Entered Level 24 of a ziggurat
 62850 | Zig:24   | Found the +8 storm bow {elec, penet}
 62852 | Zig:24   | Found the +3 robe of Folly {Archmagi, MR-- Int+5}
 62959 | Zig:24   | Lost mutation: Your movements are slightly less encumbered
                  | by armour. (ER -2) [potion of mutation]
 62959 | Zig:24   | Lost mutation: You have supernaturally acute eyesight.
                  | (SInv) [potion of mutation]
 62959 | Zig:24   | Gained mutation: Scrolls take you a little longer to read.
                  | [potion of mutation]
 62959 | Zig:24   | Gained mutation: Your spells are a little harder to cast,
                  | but a little more powerful. [potion of mutation]
 62970 | Zig:25   | Entered Level 25 of a ziggurat
 62986 | Zig:25   | Reached skill level 1 in Staves
 62988 | Zig:25   | Noticed a greater mummy
 62989 | Zig:25   | Noticed a greater mummy
 62989 | Zig:25   | Noticed a greater mummy
 62989 | Zig:25   | Noticed a greater mummy
 62990 | Zig:25   | Noticed a greater mummy
 62991 | Zig:25   | Killed a greater mummy
 62991 | Zig:25   | Reached skill level 5 in Staves
 62991 | Zig:25   | Noticed a greater mummy
 62991 | Zig:25   | Noticed a greater mummy
 62992 | Zig:25   | Killed a greater mummy
 62992 | Zig:25   | Killed a greater mummy
 62993 | Zig:25   | Killed a greater mummy
 62993 | Zig:25   | Killed a greater mummy
 62993 | Zig:25   | Reached skill level 10 in Staves
 62993 | Zig:25   | Killed a greater mummy
 62993 | Zig:25   | Killed a greater mummy
 62996 | Zig:25   | Noticed a greater mummy
 62997 | Zig:25   | Noticed a greater mummy
 62997 | Zig:25   | Noticed a greater mummy
 62997 | Zig:25   | Noticed a greater mummy
 62998 | Zig:25   | Noticed a greater mummy
 62999 | Zig:25   | Noticed a greater mummy
 63000 | Zig:25   | Killed a greater mummy
 63000 | Zig:25   | Noticed a greater mummy
 63001 | Zig:25   | Killed a greater mummy
 63001 | Zig:25   | Killed a greater mummy
 63001 | Zig:25   | Killed a greater mummy
 63001 | Zig:25   | Reached skill level 15 in Staves
 63001 | Zig:25   | Killed a greater mummy
 63001 | Zig:25   | Noticed a greater mummy
 63001 | Zig:25   | Noticed a greater mummy
 63002 | Zig:25   | Killed a greater mummy
 63003 | Zig:25   | Killed a greater mummy
 63003 | Zig:25   | Killed a greater mummy
 63003 | Zig:25   | Killed a greater mummy
 63005 | Zig:25   | Noticed a greater mummy
 63008 | Zig:25   | Killed a greater mummy
 63019 | Zig:25   | Found the cursed necklace of Bloodlust {*Rage +Rage MR++
                  | Int-3 Slay+6 *Curse}
 63039 | Zig:25   | Identified the +9 gold dragon scales of Hepliaklqana's
                  | Delight {+Blink rElec rPois rF+ rC+ Regen+ Int+4} (You
                  | found it on level 25 of a ziggurat)
 63087 | Zig:25   | Identified the Almanac of Protection
 63115 | Zig:26   | Entered Level 26 of a ziggurat
 63179 | Zig:26   | Identified the Incunabulum of Envenoming and Feathers
 63214 | Zig:26   | Identified the Grimoire of Orientation
 63243 | Zig:27   | Entered Level 27 of a ziggurat
 63261 | Zig:27   | Noticed an ancient lich
 63262 | Zig:27   | Killed an ancient lich
 63287 | Zig:27   | Noticed an ancient lich
 63290 | Zig:27   | Killed an ancient lich
 63303 | Zig:27   | Found the +2 hat of the Bear Spirit {Spirit, +Rage rN+
                  | MR++}
 63304 | Zig:27   | Found the ring of the Octopus King
 63318 | Zig:27   | Identified the +2 helmet "Idadynis" {Int+4} (You found it
                  | on level 27 of a ziggurat)
 63326 | Zig:27   | Got a glittering turquoise ring
 63328 | Zig:27   | Identified the ring "Toakiut" {rF++ rN+ Str-3} (You found
                  | it on level 27 of a ziggurat)
 63332 | Zig:27   | Got a shimmering tin ring
 63333 | Zig:27   | Identified the ring of the Moon {rElec rF+ rN+ Dex+3} (You
                  | found it on level 27 of a ziggurat)
 63338 | Zig:27   | Got a sparkling ruby amulet
 63347 | Zig:27   | Got a ring of the Octopus King
 63355 | Zig:27   | Got a steaming lapis lazuli ring
 63364 | Zig:27   | Lost mutation: You have a pair of small antennae on your
                  | head. [potion of mutation]
 63364 | Zig:27   | Lost mutation: Scrolls take you a little longer to read.
                  | [potion of mutation]
 63364 | Zig:27   | Gained mutation: You passively map a small area around you.
                  | [potion of mutation]
 63364 | Zig:27   | Gained mutation: You are clumsy. (Dex -2) [potion of
                  | mutation]
 63364 | Zig:27   | Gained mutation: You are partially covered in iridescent
                  | scales. (AC +2) [potion of mutation]
 63837 | Lair:6   | Killed elongatedgoose's ghost
 64686 | Elf:2    | Killed Ewetirimn's ghost
 65698 | Slime:1  | Entered Level 1 of the Pits of Slime
 66032 | Slime:5  | Entered Level 5 of the Pits of Slime
 66088 | Slime:5  | Noticed the Royal Jelly
 66090 | Slime:5  | Killed the Royal Jelly
 66236 | Slime:5  | Identified the Incunabulum of Aid
 66241 | Slime:5  | Identified Sif Muna's Grimoire of Creation and Curses
 66255 | Slime:5  | Identified the Reference Book on the Mutagenic Compass
 66280 | Slime:5  | Got a slimy rune of Zot
 66406 | Slime:2  | Reached skill level 1 in Bows
 66886 | Tomb:1   | Entered Level 1 of the Tomb of the Ancients
 66889 | Tomb:1   | Noticed a greater mummy
 66894 | Tomb:1   | Killed a greater mummy
 66899 | Tomb:1   | Noticed a greater mummy
 66900 | Tomb:1   | Killed a greater mummy
 66901 | Tomb:1   | Killed a greater mummy
 66996 | Tomb:1   | Noticed a greater mummy
 66998 | Tomb:1   | Killed a greater mummy
 67039 | Tomb:1   | Noticed a greater mummy
 67040 | Tomb:1   | Killed a greater mummy
 67061 | Tomb:2   | Noticed a greater mummy
 67061 | Tomb:2   | Noticed a greater mummy
 67061 | Tomb:2   | Noticed a greater mummy
 67061 | Tomb:2   | Noticed a greater mummy
 67064 | Tomb:2   | Killed a greater mummy
 67064 | Tomb:2   | Killed a greater mummy
 67065 | Tomb:2   | Killed a greater mummy
 67065 | Tomb:2   | Killed a greater mummy
 67466 | Tomb:3   | Entered Level 3 of the Tomb of the Ancients
 67472 | Tomb:3   | Found the cursed +14 obsidian axe {chop, +Fly SInv *Curse}
 67477 | Tomb:3   | Noticed a greater mummy
 67478 | Tomb:3   | Noticed a greater mummy
 67481 | Tomb:3   | Killed a greater mummy
 67481 | Tomb:3   | Killed a greater mummy
 67482 | Tomb:3   | Noticed a greater mummy
 67482 | Tomb:3   | Noticed a greater mummy
 67484 | Tomb:3   | Killed a greater mummy
 67484 | Tomb:3   | Killed a greater mummy
 67488 | Tomb:3   | Noticed a greater mummy
 67490 | Tomb:3   | Noticed a greater mummy
 67491 | Tomb:3   | Killed a greater mummy
 67493 | Tomb:3   | Killed a greater mummy
 67495 | Tomb:3   | Noticed a greater mummy
 67498 | Tomb:3   | Noticed a greater mummy
 67500 | Tomb:3   | Killed a greater mummy
 67500 | Tomb:3   | Killed a greater mummy
 67536 | Tomb:3   | Reached skill level 10 in Dodging
 67597 | Tomb:3   | Identified the ring of Uwamoh {rPois MR+ Str+3 Dex+2
                  | Slay+2} (You found it on level 3 of the Tomb of the
                  | Ancients)
 67649 | Tomb:3   | Got a golden rune of Zot
 67726 | Tomb:3   | Identified the amulet of Pilaer {+Rage +Fly MR+ Int+4
                  | Dex-2} (You found it on level 3 of the Tomb of the
                  | Ancients)
 67730 | Tomb:3   | Got a crude cloak
 67741 | Tomb:3   | Identified the +1 cloak of the Wary Lovers {*Slow Dex+6}
                  | (You found it on level 3 of the Tomb of the Ancients)
 67754 | Tomb:3   | Got a flickering lead ring
 67756 | Tomb:3   | Identified the ring of Uheroa {rN+ MP+9 Str+4 Int+3} (You
                  | found it on level 3 of the Tomb of the Ancients)
 67767 | Tomb:3   | Got a glittering ruby amulet
 67807 | Tomb:1   | Noticed a greater mummy
 67808 | Tomb:1   | Killed a greater mummy
 67825 | Tomb:1   | Noticed a greater mummy
 67825 | Tomb:1   | Noticed a greater mummy
 67826 | Tomb:1   | Killed a greater mummy
 67826 | Tomb:1   | Noticed a greater mummy
 67830 | Tomb:1   | Noticed a greater mummy
 67831 | Tomb:1   | Killed a greater mummy
 67831 | Tomb:1   | Noticed a greater mummy
 67832 | Tomb:1   | Killed a greater mummy
 67832 | Tomb:1   | Killed a greater mummy
 67834 | Tomb:1   | Killed a greater mummy
 68413 | Orc:2    | Bought a scroll of acquirement for 936 gold pieces
 68414 | Orc:2    | Bought a scroll of identify for 36 gold pieces
 68414 | Orc:2    | Bought a scroll of identify for 36 gold pieces
 68414 | Orc:2    | Bought a scroll of fog for 36 gold pieces
 68414 | Orc:2    | Bought a scroll of magic mapping for 63 gold pieces
 68414 | Orc:2    | Identified the amulet "Xedghom" {rC+ Regen+ Int+4} (You
                  | found it on level 3 of the Tomb of the Ancients)
 68416 | Orc:2    | Identified the +0 pair of gloves of Uskayaw's Reproof
                  | {*Corrode *Slow rN+++ MR+++} (You acquired it on level 2 of
                  | the Orcish Mines)
 68681 | Vaults:4 | Bought a pair of fine boots for 323 gold pieces
 68691 | Vaults:4 | Identified the cursed +0 pair of boots "Waxuitis" {rElec}
                  | (You bought it in a shop on level 4 of the Vaults)
 69002 | Hell     | Entered the Vestibule of Hell
 69002 | Hell     | Noticed Geryon
 69012 | Hell     | Killed Geryon
 69061 | Hell     | Found a gateway to the decaying netherworld of Tartarus.
 69111 | Tar:1    | Entered Level 1 of Tartarus
 69206 | Tar:2    | Reached skill level 15 in Dodging
 69341 | Tar:7    | Entered Level 7 of Tartarus
 69496 | Tar:7    | Noticed Ereshkigal
 69500 | Tar:7    | Killed Ereshkigal
 69510 | Tar:7    | Got a bone rune of Zot
 69715 | Hell     | Found a gateway to the ashen valley of Gehenna.
 69725 | Geh:1    | Entered Level 1 of Gehenna
 70086 | Geh:6    | Reached skill level 27 in Fighting
 70103 | Geh:7    | Entered Level 7 of Gehenna
 70329 | Geh:7    | Reached skill level 27 in Spellcasting
 70334 | Geh:7    | Identified the +7 sceptre of Asmodeus
 70334 | Geh:7    | Noticed Asmodeus
 70343 | Geh:7    | Killed Asmodeus
 70366 | Geh:7    | Got an obsidian rune of Zot
 70491 | Hell     | Found a gateway to the Iron City of Dis.
 70497 | Dis:1    | Entered Level 1 of the Iron City of Dis
 70800 | Dis:7    | Entered Level 7 of the Iron City of Dis
 70849 | Dis:7    | Noticed the Serpent of Hell
 70853 | Dis:7    | Killed the Serpent of Hell
 70870 | Dis:7    | Reached skill level 27 in Conjurations
 70900 | Dis:7    | Identified the +4 staff of Dispater
 70900 | Dis:7    | Noticed Dispater
 70907 | Dis:7    | Killed Dispater
 70948 | Dis:7    | Got an iron rune of Zot
 71013 | Hell     | Found a gateway to the freezing wastes of Cocytus.
 71027 | Coc:1    | Entered Level 1 of Cocytus
 71074 | Coc:2    | Reached skill level 27 in Fire Magic
 71165 | Coc:5    | You are sucked into a shaft and drop 1 floor!
 71183 | Coc:7    | Entered Level 7 of Cocytus
 71196 | Coc:7    | Noticed Antaeus
 71212 | Coc:7    | Killed Antaeus
 71212 | Coc:7    | Reached skill level 15 in Armour
 71234 | Coc:7    | Got an icy rune of Zot
 71362 | Depths:1 | Voluntarily entered the Abyss.
 71375 | Abyss:1  | Learned a level 1 spell: Apportation
 71700 | Depths:1 | Escaped the Abyss
 71702 | Depths:1 | Voluntarily entered the Abyss.
 71734 | Abyss:1  | Found a corrupted altar of Lugonu.
 72128 | Abyss:2  | Found a corrupted altar of Lugonu.
 72256 | Abyss:3  | Found a corrupted altar of Lugonu.
 72477 | Abyss:5  | Entered Level 5 of the Abyss
 72477 | Abyss:5  | Found a corrupted altar of Lugonu.
 72513 | Abyss:5  | Got an abyssal rune of Zot
 72539 | Depths:1 | Escaped the Abyss
 72617 | Pan      | Entered Pandemonium
 72713 | Pan      | Entered the realm of Cerebov.
 72714 | Pan      | Identified the Compendium of Dislocated Earth
 72721 | Pan      | Identified the +6 sword of Cerebov {flame}
 72721 | Pan      | Noticed Cerebov
 72728 | Pan      | Killed Cerebov
 72804 | Pan      | Got a fiery rune of Zot
 72867 | Pan      | Noticed Suwnuc the pandemonium lord
 72870 | Pan      | Killed Suwnuc the pandemonium lord
 73045 | Pan      | Noticed Fettoem the pandemonium lord
 73048 | Pan      | Killed Fettoem the pandemonium lord
 73144 | Pan      | Entered the realm of Lom Lobon.
 73232 | Pan      | Noticed Lom Lobon
 73236 | Pan      | Killed Lom Lobon
 73241 | Pan      | Got a magical rune of Zot
 73362 | Depths:1 | Escaped Pandemonium
 73451 | Pan      | Entered the realm of Mnoleg.
 73451 | Pan      | Entered Pandemonium
 73465 | Pan      | Found an exit through the horrors of the Abyss.
 73482 | Pan      | Got a glowing rune of Zot
 73691 | Pan      | Noticed Totzijeo the pandemonium lord
 73694 | Pan      | Killed Totzijeo the pandemonium lord
 73727 | Pan      | Entered the realm of Gloorx Vloq.
 73727 | Pan      | Found an exit through the horrors of the Abyss.
 73792 | Pan      | Got a dark rune of Zot
 73854 | Pan      | Took an exit into the Abyss.
 73854 | Abyss:1  | Escaped into the Abyss
 73871 | Depths:1 | Escaped the Abyss
 73873 | Pan      | Entered Pandemonium
 73900 | Pan      | Found a glowing golden altar of the Shining One.
 73902 | Pan      | Got a demonic rune of Zot
 74239 | Pan      | Found an exit through the horrors of the Abyss.
 74250 | Pan      | Took an exit into the Abyss.
 74250 | Abyss:1  | Escaped into the Abyss
 74377 | Depths:1 | Escaped the Abyss
 74423 | Depths:4 | Found Worrount's Gadget Shoppe.
 74440 | Depths:5 | Entered Level 5 of the Depths
 74575 | Depths:4 | Found Soweysau's Slaves and Accessories.
 74614 | Depths:4 | Found Jack's Jerk-a-riffic Jerky.
 74647 | Depths:4 | Found Meiser's Miraculous Elixirs.
 74680 | Depths:4 | Found The Legendary Cumucah's Legendary Smithy.
 74866 | Depths:4 | Found a radiant altar of Vehumet.
 75045 | Depths:5 | Found a gate to the Realm of Zot.
 75066 | Zot:1    | Entered Level 1 of the Realm of Zot
 75132 | Zot:5    | Entered Level 5 of the Realm of Zot
 75298 | Zot:5    | Noticed an ancient lich
 75298 | Zot:5    | Noticed an orb of fire
 75301 | Zot:5    | Killed an ancient lich
 75302 | Zot:5    | Killed an orb of fire
 75320 | Zot:5    | Noticed an ancient lich
 75322 | Zot:5    | Killed an ancient lich
 75385 | Zot:5    | Noticed an orb of fire
 75390 | Zot:5    | Killed an orb of fire
 75390 | Zot:5    | Reached skill level 27 in Air Magic
 75391 | Zot:5    | Noticed an orb of fire
 75392 | Zot:5    | Got the Orb of Zot
 75395 | Zot:5    | Noticed an ancient lich
 75396 | Zot:5    | Killed an orb of fire
 75398 | Zot:5    | Killed an ancient lich
 75741 | D:11     | Noticed Picsemie the pandemonium lord
 76004 | D:$      | Escaped with the Orb!

Levels and vault maps discovered:
D:1:      erik_arrival_cave_to_civilisation [erik_arrival_cave_to_hall],
          layout_loops_ring
D:2:      layout_rooms, uniq_terence
D:3:      layout_basic, grunt_temple_overflow_magic_moments, marbit_many_paths,
          makhleb_heckhound_becter, dk_noncrumbling_2, st_stairs_4, trog_book,
          uniq_grinder
D:4:      layout_basic, first_ration, minmay_manual_mail
D:5:      layout_layer_cave, minmay_temple_entry_proselytizer,
          uniq_blork_the_orc
D:6:      corexii_shack_village, layout_basic,
          grunt_dithmenos_smoke_and_mirrors, kennysheep_mini,
          grunt_qazlal_clouds, serial_shops, nicolae_shop_stone,
          nicolae_shop_trees, kennysheep_nondescript,
          chequers_serial_rivers_small_a, minmay_misc_feat_tiny
D:7:      gammafunk_steamed_eel, layout_rooms,
          yredelemnul_forgotten_temple_becter
D:8:      layout_basic, tso_metal_star, lair_entry_dummy, serial_shops,
          nicolae_shop_trees
D:9:      kennysheep_housing_project, layout_long_grid, lemuel_doored_altar,
          minitemple
D:10:     layout_loops_cross, orc_david_3
D:11:     layout_irregular_city, david_nohive_1
D:12:     layout_rooms
D:13:     layout_roguey, david_vaults_5, serial_shops, nicolae_shop_behind_doors
D:14:     minmay_quarter_circles, layout_irregular_city, uniq_frances,
          uniq_agnes
D:15:     grunt_enter_depths_snipers, layout_rooms, minmay_misc_feat_x,
          minmay_misc_feat_five, elyvilon_altar_3, uniq_josephine
Lair:1:   beast_lair_carwin_large_4, layout_cave_pods, grunt_megastairs_4
Lair:2:   layout_small_grid, spider_nest_entry_webs, minmay_lindwurm_lava,
          grunt_megastairs_3, lemuel_fruit_tree
Lair:3:   layout_long_grid, nicolae_swamp_entry_splash_gauntlet, uniq_sonja
Lair:4:   layout_cave_shapes, serial_bayou, serial_bayou_crossing,
          serial_bayou_lake_a, serial_bayou_shore_b, serial_bayou_pond_b,
          serial_bayou_pond_c
Lair:5:   layout_regular_city, minmay_lair_oklob_chamber, grunt_megastairs_1,
          serial_bayou_shore_a, serial_bayou_shore_b
Lair:6:   gammafunk_lair_ancient_temple, layout_gridlike,
          minmay_slime_entry_jelly_boxes, ebering_ghost_funeral_grove,
          tgw_fedhas
Swamp:1:  layout_basic_swamp, hangedman_swamp_blocks, uniq_nikola
Swamp:2:  layout_falls_marsh, evilmike_swamp_ruin_house_5,
          infiniplex_staircase_pool_2, uniq_donald
Swamp:3:  gammafunk_mikee_crab_dinner, layout_basic_swamp,
          evilmike_swamp_ruin_house_1, uniq_kirke, uniq_bai_suzhen
Swamp:4:  swamp_pestilence, layout_basic_swamp
Spider:1: layout_spider_delve
Spider:2: layout_spider_delve, nicolae_spider_cling_ruins, uniq_jorgrun,
          uniq_louise
Spider:3: layout_spider_delve, uniq_azrael, uniq_arachne, uniq_asterion
Spider:4: guppyfry_spider_rune
Slime:1:  cheibrodos_slime_lost_civilization_1, layout_caves
Slime:2:  layout_caves
Slime:3:  layout_caves
Slime:4:  layout_caves
Slime:5
Orc:1:    layout_diamond_mine, basic_altar
Orc:2:    st_orc_rangers, layout_caves, serial_shops, nicolae_shop_crystal,
          basic_altar, elves_outpost_lemuel
Elf:1:    eino_elf_arrival_customs, layout_geoelf_grid, serial_shops,
          nicolae_shop_statue_plus, shop,
          nicolae_shop_temple_entry_statues_fountains,
          nicolae_shop_overgrown_old_shop,
          nicolae_shop_competitors_out_of_business, minmay_elf_crystal_hexagon,
          nrook_mini_backslash, minmay_misc_feat_pillars, drop_trap
Elf:2:    layout_onion_city, ebering_ghost_inner_flame, guppyfry_elf_castle
Elf:3:    minmay_elf_hall_hex, layout_loops_corners, grunt_ministairs_14,
          grunt_megastairs_2
Vaults:1: nicolae_vaults_puzzle_piece, nicolae_vaults_little_squares_3,
          nicolae_vaults_specimen_jars, ontoclasm_vaults_hangar, v_pattern_3,
          grunt_vaults_bifocal, nicolae_vaults_windows_and_doors_thing,
          ontoclasm_vaults_pinch, ontoclasm_vaults_spin,
          dpeg_vaults_monster_box, hangedman_vaults_capsules,
          ontoclasm_vaults_loading_screen, ontoclasm_vaults_gateway,
          layout_vaults_omnicross, enter_trove_2
Vaults:2: ontoclasm_vaults_decontamination, ontoclasm_vaults_twist, v_misc_1,
          grunt_tower_of_power, vaults_dpeg_spiral, vaults_mumra_hexcomb,
          ontoclasm_vaults_chip, grunt_vaults_hallway_short,
          layout_vaults_omnibox
Vaults:3: gammafunk_vaults_ghost_crypt, blue_anna_dwarven_crypt, v_misc_1,
          v_misc_8, vaults_room_fours, hangedman_vaults_snaps,
          nicolae_vaults_little_squares_5, nicolae_vaults_stairing_the_circle,
          vaults_standard_mumra_lines, v_misc_15, special_room_vaults
          [special_room_orc], v_misc_17, nicolae_vaults_asterisk,
          layout_vaults_chaotic_city
Vaults:4: vaults_mumra_lcd, v_rooms_4, vaults_room_pools, v_alt_pattern_3,
          v_misc_17, nicolae_vaults_yaktaur_gun_rack, vaults_room_corners,
          vaults_room_large_hall, nicolae_vaults_angled_halls,
          layout_vaults_quadrants, basic_altar, serial_shops,
          nicolae_shop_behind_doors
Vaults:5
Crypt:1:  layout_gridlike, grunt_crypt_arrival_webbed, uniq_saint_roka,
          uniq_mara
Crypt:2:  layout_basic
Crypt:3:  lightli_unholy_cathedral, layout_chaotic_city,
          nicolae_tomb_entry_grand_gallery, uniq_jory, uniq_frederick
Tomb:1
Tomb:2
Tomb:3
Depths:1: layout_basic, rand_demon_pan_entry_3, chequers_serial_rivers_room_a,
          hell_entry, minmay_room_of_horrors, chequers_hall_statues_y,
          dk_noncrumbling_4, minislime_mu, uniq_sojobo
Depths:2: evilmike_iron_armoury, layout_small_grid, enter_ziggurat_d,
          grunt_hell_horde, rand_demon_pan_entry_1, hangedman_decor_riveting,
          infiniplex_staircase_star
Depths:3: gammafunk_dig_for_victory, layout_basic, minmay_misc_feat_rows,
          grunt_hell_entry_dis_old, rand_demon_pan_entry_4,
          kennysheep_small_spiral, guppyfry_shop_blood
Depths:4: grated_community_mu [grated_community_mu_vampire_home,
          grated_community_mu_giant_home, grated_community_mu_spellcaster_home,
          grated_community_mu_orcish_home, grated_community_mu_troll_home,
          grated_community_mu_taur_home, grated_community_mu_unbuilt_plot],
          layout_cave_shapes, hangedman_tar_grid_catacomb, abyss_entry,
          minmay_hedge_maze, due_unseen_surprise, minmay_shop_grove,
          infiniplex_staircase_zigzag_1
Depths:5: evilmike_zot_entry_gauntlet, layout_basic, hell_entry,
          hangedman_abyss_or_decor_stabs, hangedman_abyss_or_decor_stagger,
          minmay_shop_star
Hell
Dis:1:    layout_jigsaw
Dis:2:    layout_chaotic_city, hangedman_dis_decor_blocks_talon
Dis:3:    layout_jigsaw, grunt_dis_stairs_iron_hall
Dis:4:    layout_gridville
Dis:5:    layout_chaotic_city
Dis:6:    layout_regular_city
Dis:7:    iron_city_of_dis [dis_mu, dis_wall_2], layout_chaotic_city
Geh:1:    layout_gehenna_pools_box, hangedman_feature_mirror
Geh:2:    layout_gehenna_pools_triple
Geh:3:    layout_gehenna_pools_box
Geh:4:    layout_gehenna_pools_box
Geh:5:    layout_gehenna_pools_box
Geh:6:    layout_gehenna_lava_caves
Geh:7:    geh_hangedman
Coc:1:    layout_ice_bergs
Coc:2:    layout_cocytus_water_paths
Coc:3:    layout_ice_bergs, lemuel_elevator
Coc:4:    layout_cocytus_water_paths
Coc:5:    layout_cocytus_water_paths
Coc:6:    layout_cocytus_water_paths
Coc:7:    coc_old
Tar:1:    layout_grid_maze, nicolae_tar_cuneiform_bird
Tar:2:    layout_cathedral_of_symmetry, grunt_tartarus_stairs_gauntlet_trap
Tar:3:    layout_catacombs, nicolae_tar_cuneiform_to_be
Tar:4:    layout_cathedral_of_symmetry
Tar:5:    layout_grid_maze
Tar:6:    layout_cathedral_of_symmetry
Tar:7:    tar_mu [tar_mu_maze]
Zot:1:    layout_basic
Zot:2:    layout_concentric_octagons
Zot:3:    layout_twisted_circle
Zot:4:    layout_twisted_circle
Zot:5:    layout_onion

Skill      XL: |  1  2  3  4  5  6  7  8  9 10 11 12 13 14 15 16 17 18 19 20 21 22 23 24 25 26 27 |
---------------+----------------------------------------------------------------------------------+-----
Spellcasting   | 3 4 5 6 9 12 13 16 18 19 27 | 27.0
Conjurations   | 2 4 9 10 12 15 17 20 21 27 | 27.0
Earth Magic    | 6 8 10 12 16 18 21 24 27 | 27.0
Fighting       | 2 7 9 10 13 27 | 27.0
Armour         | 1 3 10 16 | 16.5
Dodging        | 4 9 17 | 17.2
Fire Magic     | 2 8 9 11 14 16 18 19 27 | 27.0
Shields        | 4 10 21 | 21.5
Translocations | 2 3 15 | 15.7
Evocations     | 3 16 | 16.0
Transmutations | 14 | 14.6
Hexes          | 9 |  9.9
Necromancy     | 14 | 14.3
Ice Magic      | 19 | 19.4
Air Magic      | 27 | 27.0
Staves         | 17 | 17.7
Bows           | 2 |  2.2
Stealth        | |  2.1

Action                   |  1- 3 |  4- 6 |  7- 9 | 10-12 | 13-15 | 16-18 | 19-21 | 22-24 | 25-27 || total
-------------------------+-------+-------+-------+-------+-------+-------+-------+-------+-------++-------
Melee: Unarmed           |     8 |       |       |       |       |       |       |       |       ||     8
       Short sword       |    33 |    85 |    56 |       |       |       |       |       |       ||   174
       Falchion          |       |       |    64 |    56 |    99 |    19 |       |       |       ||   238
       Staff             |       |       |     6 |    30 |    69 |     9 |    14 |    75 |   580 ||   783
       Quarterstaff      |       |       |       |       |       |       |       |     6 |       ||     6
Throw: Stone             |     1 |       |       |       |     3 |       |       |       |       ||     4
 Cast: Sandblast         |    36 |    28 |     7 |    36 |   229 |    91 |    28 |    41 |     7 ||   503
       Stone Arrow       |       |    28 |    62 |    92 |    85 |    10 |       |    21 |       ||   298
       Lee's Rapid Decon |       |       |    24 |    71 |   233 |   112 |    13 |    85 |     9 ||   547
       Bolt of Fire      |       |       |       |       |     4 |    80 |       |       |       ||    84
       Petrify           |       |       |       |       |     7 |     1 |       |     2 |       ||    10
       Fireball          |       |       |       |       |       |    92 |    55 |    19 |     4 ||   170
       Lehudib's Crystal |       |       |       |       |       |     5 |    27 |    59 |    85 ||   176
       Shatter           |       |       |       |       |       |    10 |   135 |   102 |   464 ||   711
       Blink             |       |       |       |       |       |       |       |     4 |    10 ||    14
       Fire Storm        |       |       |       |       |       |       |       |       |   534 ||   534
       Glaciate          |       |       |       |       |       |       |       |       |   143 ||   143
       Necromutation     |       |       |       |       |       |       |       |       |    65 ||    65
       Tornado           |       |       |       |       |       |       |       |       |    56 ||    56
       Regeneration      |       |       |       |       |       |       |       |       |    34 ||    34
       Apportation       |       |       |       |       |       |       |       |       |    31 ||    31
       Controlled Blink  |       |       |       |       |       |       |       |       |     6 ||     6
       Invisibility      |       |       |       |       |       |       |       |       |     6 ||     6
 Abil: Fly               |       |       |       |       |     1 |       |       |       |     2 ||     3
       End Transformatio |       |       |       |       |       |       |       |       |    12 ||    12
       Stop Flying       |       |       |       |       |       |       |       |       |     2 ||     2
Evoke: Wand              |       |       |       |     1 |     3 |     9 |     4 |     1 |     1 ||    19
       Phial of floods   |       |       |       |       |       |       |     1 |       |       ||     1
       Staff of energy   |       |       |       |       |       |       |       |       |   253 ||   253
       Figurine of a zig |       |       |       |       |       |       |       |       |     1 ||     1
  Use: Scroll            |       |     4 |     5 |     7 |    10 |    12 |     9 |     7 |    94 ||   148
       Potion            |       |     1 |       |       |       |     4 |     1 |     2 |    51 ||    59
 Stab: Sleeping          |     2 |       |     2 |     2 |     1 |       |       |       |       ||     7
  Eat: Chunk             |       |     5 |    24 |    13 |    39 |    29 |    55 |    33 |    14 ||   212
       Ration            |       |     1 |     2 |     5 |     9 |    16 |    17 |    13 |    33 ||    96
Armor: Robe              |    18 |    44 |    44 |    81 |   242 |    97 |    62 |    84 |   560 ||  1232
Dodge: Dodged            |    35 |    92 |    84 |   137 |   359 |   102 |    69 |   106 |   714 ||  1698
Block: Buckler           |       |       |       |       |    59 |    26 |    31 |    34 |     9 ||   159
       Shield            |       |       |       |       |       |       |       |       |  1166 ||  1166
       Rpst.: Falchion   |       |       |    15 |    11 |    25 |     4 |       |       |       ||    55
